 Dungeon Crawl Stone Soup version 0.30-a0-170-g85af917532 (webtiles) character file.

Game seed: 15005718059623301781

374361 qw the Hoplite (level 22, -3/155 HPs)
             Began as a Gargoyle Fighter on Oct 1, 2022.
             Was an Elder of Okawaru.
             Slain by Parghit (21 damage)
             ... on level 3 of the Depths.
             The game lasted 00:32:17 (49969 turns).

qw the Hoplite (Gargoyle Fighter)                  Turns: 49969, Time: 00:32:17

Health: -3/155     AC: 63    Str: 28    XL:     22   Next: 74%
Magic:  29/29      EV: 16    Int: 12    God:    Okawaru [****..]
Gold:   936        SH: 29    Dex:  9    Spells: 21/21 levels left

rFire   + + +      SeeInvis +    u - +6 broad axe (freeze)
rCold   . . .      Faith    .    F - +1 tower shield {AC+3}
rNeg    + . .      Spirit   .    w - +9 chain mail of Melancholy {SInv}
rPois   inf        Reflect  +    y - +0 helmet of Puub {-Cast +Inv rF+++ Regen+}
rElec   +          Harm     .    A - +2 cloak {Will+}
rCorr   .          Rampage  .    g - +2 pair of gloves
Will    ++...      NoCast   +    q - +2 pair of boots
Stlth   ..........               G - amulet of reflection
HPRegen 1.15/turn                o - +4 ring of protection
MPRegen 0.21/turn                K - +4 ring of evasion

@: about to teleport, heroic, flying
A: sickness immunity, AC +16, big wings, negative energy resistance 1,
electricity resistance, torment resistance 1, petrification resistance
}: 2/15 runes: decaying, serpentine
a: Renounce Religion, Evoke Invisibility, Heroism, Finesse


You were on level 3 of the Depths.
You worshipped Okawaru.
Okawaru was greatly pleased with you.
You visited 8 branches of the dungeon, and saw 38 of its levels.
You visited the Abyss 2 times.

You collected 5070 gold pieces.
You spent 4134 gold pieces at shops.


Innate Abilities, Weirdness & Mutations

You are immune to sickness and miasma.
Your stone body is resilient. (AC +16)
You are immune to poison.
Your large and strong wings let you fly.
You resist negative energy. (rN+)
You are resistant to electric shocks. (rElec)
You are resistant to unholy torment.
You are immune to petrification.


   Skills:
 - Level 21.0(26.0) Fighting
 - Level 18.0(23.0) Axes
 - Level 12.0(17.0) Throwing
 + Level 18.6(23.6) Armour
 - Level 6.0(11.0) Dodging
 - Level 21.0(26.0) Shields
 - Level 10.0 Invocations


You had 21 spell levels left.
You didn't know any spells.
Your spell library was empty.

Inventory:

Hand Weapons
 j - the +9 war axe "Junliba" {venom, rF+ Int+4 SInv}
   (Okawaru gifted it to you on level 3 of the Swamp)

   It poisons the flesh of those it strikes.
   Int:       It affects your intelligence (+4).
   rF:        It protects you from fire.
   SInv:      It lets you see invisible.
 u - a +6 broad axe of freezing (weapon)
 D - a +2 war axe of holy wrath
Missiles
 a - 24 boomerangs
 i - 5 silver boomerangs
 v - 3 boomerangs of dispersal
 L - a javelin (quivered)
Armour
 c - the +1 hat "Ebbebbot" {*Slow Regen+ rCorr Int+3}
   (Okawaru gifted it to you on level 15 of the Dungeon)

   Int:       It affects your intelligence (+3).
   Regen:     It increases your rate of health regeneration.
   rCorr:     It protects you from acid and corrosion.
   *Slow:     It may slow you when you take damage.
 e - a +2 helmet of see invisible
 g - a +2 pair of gloves (worn)
 q - a +2 pair of boots (worn)
 w - the +9 chain mail of Melancholy (worn) {SInv}
   (You found it on level 1 of the Lair of Beasts)

   SInv:      It lets you see invisible.
 y - the +0 helmet of Puub (worn) {-Cast +Inv rF+++ Regen+}
   (Okawaru gifted it to you on level 2 of the Lair of Beasts)

   rF:        It renders you almost immune to fire.
   +Inv:      It lets you turn invisible.
   -Cast:     It prevents spellcasting.
   Regen:     It increases your rate of health regeneration.
 z - +0 fire dragon scales
 A - a +2 cloak of willpower (worn)
 E - +0 ice dragon scales
 F - a +1 tower shield of protection (worn)
 M - the +1 chain mail "Wereut" {rCorr Str+6 SInv}
   (You found it on level 2 of the Depths)

   Str:       It affects your strength (+6).
   SInv:      It lets you see invisible.
   rCorr:     It protects you from acid and corrosion.
Jewellery
 o - a +4 ring of protection (left hand)
 p - a ring of ice
 B - a ring of fire
 G - an amulet of reflection (around neck)
 H - the ring of Vulouty {Fire Int+3 Slay-3 SInv}
   (You bought it in a shop on level 2 of the Orcish Mines)

   [ring of fire]

   It enhances your fire magic.
   Int:       It affects your intelligence (+3).
   Slay:      It affects your accuracy & damage with ranged weapons and melee
   (-3).
   rF:        It protects you from fire.
   rC:        It makes you vulnerable to cold.
   SInv:      It lets you see invisible.
 I - the ring of Ycsauxzij {rElec rCorr Int+4}
   (You bought it in a shop on level 2 of the Orcish Mines)

   [ring of resist corrosion]

   Int:       It affects your intelligence (+4).
   rElec:     It insulates you from electricity.
   rCorr:     It protects you from acid and corrosion.
 K - a +4 ring of evasion (right hand)
 Y - a ring of protection from cold
Scrolls
 f - a scroll of teleportation
 h - 23 scrolls of identify
 C - 3 scrolls of enchant armour
Potions
 b - 4 potions of haste
 d - 5 potions of might
 k - 25 potions of curing
 l - 8 potions of lignification
 m - 4 potions of cancellation
 n - 2 potions of resistance
 r - 3 potions of mutation
 s - 4 potions of heal wounds
 t - 4 potions of magic
 x - 4 potions of attraction

Dungeon Overview and Level Annotations

Branches:
Dungeon (15/15)            Temple (1/1) D:4            Lair (5/5) D:10
  Swamp (4/4) Lair:3        Snake (4/4) Lair:3        Slime (0/5) Lair:4
    Orc (2/2) D:11            Elf (0/3) Orc:2        Vaults (4/5) D:13
  Crypt (0/3) Vaults:3     Depths (3/4) D:15

Altars:
Ashenzari
Cheibriados
Dithmenos
Elyvilon
Fedhas
Gozag
Hepliaklqana
Kikubaaqudgha
Makhleb
Nemelex Xobeh
Okawaru
Qazlal
Ru
Sif Muna
Trog
Uskayaw
Vehumet
Wu Jian
Xom
Yredelemnul
Zin
The Shining One
Jiyva

Shops:
D:1 (   D:2 :   D:13 (   Orc:2 =*[*   Snake:1 :=:   Snake:2 *   Snake:3 *?(**
Vaults:3 =

Portals:
Hell: Depths:1 Depths:2
Pandemonium: Orc:2 Depths:1 Depths:2
Ziggurat: Depths:2

Annotations:
D:9 1 runed translucent door
Snake:2 1 runed translucent door, qw's ghost, adept GrFi
Depths:3 Jory; Parghit


Message History

You closely miss Jory. You hit Parghit but do no damage.
Jory hits you but does no damage. You block Jory's attack.
Parghit completely misses you. You block Parghit's attack.
Parghit claws you but does no damage.
You hit Jory but do no damage.
Jory is heavily damaged.
You completely miss Parghit. You slice the deep troll shaman!!
You freeze the deep troll shaman. You block Jory's attack. x2
The deep troll shaman bites you but does no damage.
You block the deep troll shaman's attack.
The deep troll shaman claws you but does no damage.
You slice the deep troll shaman!! You freeze the deep troll shaman.
You kill the deep troll shaman!
Okawaru accepts your kill.
The troll leather armour is intact enough to wear.
You hit Parghit. You freeze Parghit. You closely miss Jory.
You hit Jory but do no damage.
Jory is heavily damaged.
You hit Parghit but do no damage.
You hit the iron troll but do no damage.
Jory casts a spell at you.
The crystal spear reflects off an invisible shield around you!
The crystal spear hits Jory!!
You block Parghit's attack. Parghit claws you!! x2
You hit Jory but do no damage.
Jory is severely damaged.
You hit Parghit but do no damage.
You hit the iron troll but do no damage.
You block the iron troll's attack. x2; The iron troll barely misses you.
You block Jory's attack. Jory bites you but does no damage.
Parghit bites you but does no damage. Parghit claws you!! Parghit claws you!
49969 ||| READING 2 scrolls of teleportation.
As you read the scroll of teleportation, it crumbles to dust.
You feel strangely unstable. The iron troll barely misses you.
You block the iron troll's attack. x2
Jory says, "Get out, get out, get out!"
You block Jory's attack. Jory bites you.
The stone giant hits you but does no damage.
Parghit bites you!!
You die...

#...# #.../#...#
+....#...# ....#...# .
#...#...# ..##..T#..[#
.....TT#...#######
.....CV#.........#
.....TT@.........+
.(####CT.........#+#####
.....................
#..................^..
#.....................
.......................
..#...............)....#
..'.......>...........#.
...................#


You could see Jory, Parghit (strong), a frost giant, 2 iron trolls, a stone
giant, 2 deep trolls and a deep troll shaman (fast).

Vanquished Creatures
  An ancient lich (Abyss:2)
  Sojobo (Vaults:3)
  Bai Suzhen (Snake:3)
  Vashnia (Snake:2)
  Saint Roka (Vaults:4)
  Jorgrun (D:14)
  A bone dragon (Abyss:2)
  3 liches
  Mlioglotl (Swamp:1)
  Agnes (Snake:1)
  3 sphinxes
  Kirke (D:14)
  A tengu reaver (Vaults:3)
  A storm dragon (Vaults:4)
  Roxanne (Snake:1)
  An azure jelly (Swamp:4)
  2 fire giants
  9 nagarajas (Snake:4)
  15 vault wardens
  An iron dragon (Depths:1)
  5 frost giants
  Louise (D:14)
  2 orc warlords
  5 war gargoyles
  7 stone giants
  2 vampire knights
  19 very ugly things
  14 ironbound preservers
  4 ironbound thunderhulks
  5 eleionomae
  Azrael (D:13)
  3 dire elephants (Vaults:3)
  6 bunyips
  7 spark wasps (Depths:2)
  8 ettins
  3 crystal guardians
  Snorg (Orc:2)
  Josephine (D:13)
  2 shambling mangroves
  5 entropy weavers
  An entropy weaver (shapeshifter) (D:15)
  3 vault guards (Vaults:2)
  14 yaktaur captains
  4 fire dragons
  A quicksilver dragon zombie (Depths:2)
  6 great orbs of eyes
  5 peacekeepers
  3 rakshasas
  3 demonspawn (Orc:2)
  2 ghost crabs (Swamp:2)
  2 spriggan air magi (Depths:2)
  3 salamander tyrants
  2 ogre magi (D:15)
  10 ironbound frosthearts
  7 hydras
  3 catoblepae
  8 ice dragons
  3 death yaks (Lair:5)
  10 centaur warriors
  11 anacondas
  A death knight (D:14)
  6 boulder beetles
  8 naga warriors
  5 two-headed ogres
  17 naga sharpshooters
  8 alligators
  10 deep troll shamans
  A shock serpent (shapeshifter) (Vaults:4)
  2 tengu warriors
  8 deep troll earth magi
  7 orc high priests (Orc:2)
  8 shock serpents
  A deep elf knight (D:15)
  A golden dragon zombie (Depths:3)
  3 salamander mystics
  3 iron trolls
  4 goliath frogs
  2 wretched stars (Abyss:2)
  7 swamp dragons
  4 flayed ghosts
  A sixfirhy (Orc:2)
  A death drake (shapeshifter) (Vaults:3)
  A glowing orange brain (Depths:2)
  5 sea snakes
  2 spriggan druids
  65 deep trolls
  9 naga ritualists
  10 ironbound convokers
  8 harpies
  Pikel (D:4)
  2 bog bodies
  11 wizards
  17 lindwurms
  3 starcursed masses (Abyss:2)
  A tengu skeleton (Depths:2)
  5 orc sorcerers
  A stone giant zombie (Vaults:1)
  5 deep elf pyromancers
  3 phantasmal warriors
  52 ugly things
  11 orc knights
  11 mana vipers
  8 manticores
  4 wolf spiders
  4 necromancers
  A fire giant zombie (Depths:3)
  A shadow dragon skeleton (Vaults:1)
  An iron dragon zombie (Vaults:1)
  5 will-o-the-wisps
  11 salamanders
  13 elephants
  5 cyclopes
  A salamander (shapeshifter) (D:12)
  A rust devil (Orc:2)
  38 black mambas
  23 naga magi
  16 vault sentinels
  A torpor snail (Lair:5)
  2 guardian serpents
  16 cane toads
  A smoke demon (Abyss:2)
  3 orange demons
  2 gargoyles
  2 unseen horrors
  9 rime drakes
  2 efreet (D:15)
  10 komodo dragons
  35 yaktaurs
  9 freezing wraiths
  An ancient zyme (Abyss:2)
  A tengu conjurer (D:15)
  A harpy zombie (Abyss:2)
  A red devil (Abyss:2)
  10 tyrant leeches
  3 meliai (D:15)
  A merfolk (shapeshifter) (D:15)
  A polar bear (Lair:2)
  7 trolls
  A bloated husk (Swamp:1)
  A tengu simulacrum (Vaults:1)
  8 blink frogs
  Grinder (D:4)
  2 tarantellas
  5 hornets
  2 wolf spider simulacra (D:15)
  9 raiju
  31 slime creatures
  3 dream sheep (Lair:5)
  2 frost giant simulacra (Depths:2)
  A large abomination (Abyss:2)
  37 yaks
  A jumping spider (shapeshifter) (Depths:1)
  5 centaur simulacra
  2 vampires
  12 water elementals
  11 wraiths
  3 hogs (D:14)
  3 spriggans (Swamp:3)
  11 wyverns
  3 fire elementals (D:13)
  A human (D:14)
  A shadow (D:11)
  11 basilisks
  19 vampire mosquitoes
  A steam dragon (D:8)
  A redback simulacrum (D:15)
  2 chaos spawn
  5 swamp worm simulacra (Swamp:4)
  13 redbacks
  2 death yak simulacra (D:12)
  A warg (Vaults:4)
  2 acid dragons
  15 hydra simulacra (Swamp:4)
  51 nagas
  8 swamp worms
  23 water moccasins
  A hell hound (D:13)
  3 small abominations (Abyss:2)
  34 orc warriors
  4 swamp drakes (Swamp:2)
  4 black bears
  2 ice beasts
  12 wolves
  4 ogres
  3 boggarts (Vaults:4)
  5 centaurs
  A phantom (D:6)
  A kobold brigand (D:8)
  14 bullfrogs
  7 scorpions
  11 wights
  A killer bee (shapeshifter) (D:15)
  8 killer bees
  5 electric eels
  3 howler monkeys
  2 hounds
  A quasit (Abyss:2)
  A jelly (D:6)
  23 orc priests
  2 human zombies
  An iron imp (Abyss:2)
  2 iguanas
  15 orc wizards
  Natasha (thrice) (D:3)
  5 hell rats (Lair:3)
  A polar bear simulacrum (D:12)
  A spriggan simulacrum (D:12)
  3 wolf simulacra (D:12)
  3 gnolls (D:2)
  A naga simulacrum (D:12)
  16 adders
  7 shadow imps
  8 white imps
  3 swamp drake simulacra (Swamp:4)
  3 ufetubi
  5 worms
  A dart slug (D:1)
  67 orcs
  4 bats
  7 endoplasms
  3 giant cockroaches
  6 goblins
  8 hobgoblins
  2 quokkas
  6 ball pythons
  4 frilled lizards
  6 kobolds
  A kobold skeleton (D:9)
  2 rats (D:1)
1486 creatures vanquished.

Vanquished Creatures (others)
  A wizard (Depths:1)
  A necromancer (Vaults:1)
  A swamp worm (Swamp:4)
  3 demonic plants (D:7)
  16 foxfires
  50 fungi
  73 plants
145 creatures vanquished.

Grand Total: 1631 creatures vanquished

Notes
Turn   | Place    | Note
-------+----------+-------------------------------------------
     0 | D:1      | qw the Gargoyle Fighter began the quest for the Orb.
     0 | D:1      | Reached XP level 1. HP: 14/14 MP: 1/1
     0 | D:1      | 0 ||| qw: Version: 0.2-a-13-gfc7b4b4
     0 | D:1      | 0 ||| qw: Game counter: 1753
     0 | D:1      | 0 ||| qw: Always use a shield: true
     0 | D:1      | 0 ||| qw: God list: Okawaru
     0 | D:1      | 0 ||| qw: Allow faded altars: false
     0 | D:1      | 0 ||| qw: Do Orc after D:15 true
     0 | D:1      | 0 ||| qw: Do second Lair branch before Depths: true
     0 | D:1      | 0 ||| qw: Lair rune preference: random
     0 | D:1      | 0 ||| qw: Plans: Normal, Zot:1-4, God:TSO, Crypt, Tomb,
                  | Pan, Slime:5, Hells, Abyss, Orb
     0 | D:1      | 0 ||| PLANNING D:1-11
   434 | D:1      | Reached XP level 2. HP: 19/19 MP: 2/2
   522 | D:1      | 522 ||| Stepping ~*~*~tactically~*~*~ (hiding).
   608 | D:1      | Found Ogga's Antique Weapon Shoppe.
   628 | D:1      | 628 ||| SHOPLISTING glowing flail (149 gold, have 65).
   859 | D:1      | 859 ||| UPGRADING to +0 cloak.
   864 | D:1      | 864 ||| READING scroll labelled MOOROI JOANUS.
   865 | D:1      | 865 ||| READING scroll labelled TESOELADGHA.
   866 | D:1      | 866 ||| READING 2 scrolls labelled AMMOTEDDIO.
   867 | D:1      | 867 ||| DRINKING 2 fuming purple potions.
  1002 | D:2      | You fall into a shaft and drop 1 floor!
  1126 | D:3      | Noticed Natasha
  1128 | D:3      | Killed Natasha
  1129 | D:3      | Reached skill level 3 in Axes
  1129 | D:3      | Reached XP level 3. HP: 19/23 MP: 3/3
  1222 | D:3      | Noticed Natasha
  1223 | D:3      | 1223 ||| Stepping ~*~*~tactically~*~*~ (stealth).
  1225 | D:3      | 1225 ||| Stepping ~*~*~tactically~*~*~ (stealth).
  1235 | D:3      | 1235 ||| Stepping ~*~*~tactically~*~*~ (stealth).
  1236 | D:3      | 1236 ||| Stepping ~*~*~tactically~*~*~ (stealth).
  1242 | D:3      | Killed Natasha
  1243 | D:3      | Reached XP level 4. HP: 22/28 MP: 4/4
  1424 | D:3      | Noticed Natasha
  1425 | D:3      | 1425 ||| Stepping ~*~*~tactically~*~*~ (hiding).
  1435 | D:3      | Killed Natasha
  1550 | D:3      | 1550 ||| Stepping ~*~*~tactically~*~*~ (stealth).
  1604 | D:3      | Found a sparkling altar of Nemelex Xobeh.
  1663 | D:3      | Reached XP level 5. HP: 32/32 MP: 5/5
  1693 | D:3      | Found a shadowy altar of Dithmenos.
  1700 | D:3      | 1700 ||| UPGRADING to +0 pair of gloves.
  1705 | D:3      | 1705 ||| READING scroll labelled QUAWAE OTETHO.
  1784 | D:2      | Found a faded altar of an unknown god.
  1813 | D:2      | Found Zirchu's Vocational Training.
  2012 | D:2      | 2012 ||| Stepping ~*~*~tactically~*~*~ (stealth).
  2024 | D:2      | 2024 ||| Stepping ~*~*~tactically~*~*~ (stealth).
  2025 | D:2      | 2025 ||| Stepping ~*~*~tactically~*~*~ (stealth).
  2164 | D:2      | 2164 ||| Stepping ~*~*~tactically~*~*~ (hiding).
  2167 | D:2      | 2167 ||| Stepping ~*~*~tactically~*~*~ (hiding).
  2175 | D:2      | 2175 ||| Stepping ~*~*~tactically~*~*~ (hiding).
  2176 | D:2      | 2176 ||| Stepping ~*~*~tactically~*~*~ (hiding).
  2467 | D:2      | 2467 ||| Stepping ~*~*~tactically~*~*~ (stealth).
  2661 | D:2      | 2661 ||| UPGRADING to +1 scale mail of cold resistance.
  2671 | D:2      | 2671 ||| DROPPING +0 scale mail.
  2672 | D:2      | 2672 ||| READING scroll labelled WEN WUCRIHATH.
  2773 | D:2      | 2773 ||| DRINKING 2 metallic golden potions.
  2774 | D:2      | 2774 ||| DRINKING 2 glowing sapphire potions.
  2775 | D:2      | 2775 ||| DRINKING 2 puce potions.
  2776 | D:2      | 2776 ||| READING 2 scrolls of identify.
  2776 | D:2      | 2776 ||| IDENTIFYING fuming green potion
  2777 | D:2      | 2777 ||| DROPPING potion of brilliance.
  2955 | D:3      | Found a radiant altar of Vehumet.
  3443 | D:4      | Reached XP level 6. HP: 38/38 MP: 6/6
  3457 | D:4      | Noticed Pikel
  3471 | D:4      | HP: 8/38 [Pikel/+2 whip of freezing (3)]
  3472 | D:4      | 3472 ||| DRINKING potion of heal wounds.
  3481 | D:4      | HP: 7/38 [Pikel/+2 whip of freezing (5)]
  3484 | D:4      | HP: 2/38 [Pikel/+2 whip of freezing (5)]
  3485 | D:4      | Killed Pikel
  3486 | D:4      | Reached XP level 7. HP: 3/43 MP: 7/7
  3563 | D:4      | 3563 ||| FLEEEEING.
  3564 | D:4      | 3564 ||| FLEEEEING.
  3672 | D:4      | 3672 ||| FLEEEEING.
  3673 | D:4      | 3673 ||| STAIRDANCE
  4100 | D:4      | 4100 ||| DROPPING +0 mace.
  4115 | D:4      | Reached XP level 8. HP: 33/48 MP: 8/8
  4304 | D:4      | Noticed Grinder
  4309 | D:4      | Paralysed by Grinder for 3 turns
  4317 | D:4      | Killed Grinder
  4318 | D:4      | Reached skill level 6 in Axes
  4338 | D:4      | 4338 ||| FLEEEEING.
  4339 | D:4      | 4339 ||| FLEEEEING.
  4340 | D:4      | 4340 ||| FLEEEEING.
  4485 | D:4      | Found a staircase to the Ecumenical Temple.
  4486 | D:4      | 4486 ||| PLANNING TEMPLE
  4486 | D:4      | 4486 ||| UPGRADING to +0 chain mail.
  4496 | D:4      | 4496 ||| READING 2 scrolls labelled POLEWO NYLYSH.
  4499 | D:4      | 4499 ||| READING scroll labelled DYASHUZANU.
  4500 | D:4      | 4500 ||| READING 2 scrolls of identify.
  4500 | D:4      | 4500 ||| IDENTIFYING lumpy green potion
  4514 | Temple   | Entered the Ecumenical Temple
  4518 | Temple   | 4518 ||| PLANNING OKAWARU WORSHIP
  4692 | Temple   | Became a worshipper of Warmaster Okawaru
  4693 | Temple   | 4693 ||| PLANNING D:1-11
  4805 | D:4      | 4805 ||| DROPPING +2 whip of freezing.
  4866 | D:5      | Entered Level 5 of the Dungeon
  5063 | D:5      | Reached skill level 1 in Throwing
  5434 | D:5      | 5434 ||| UPGRADING to +0 pair of boots.
  5439 | D:5      | 5439 ||| READING 3 scrolls of identify.
  5439 | D:5      | 5439 ||| IDENTIFYING black potion
  5456 | D:6      | 5456 ||| Stepping ~*~*~tactically~*~*~ (hiding).
  5460 | D:6      | 5460 ||| Stepping ~*~*~tactically~*~*~ (hiding).
  5512 | D:6      | Identified the +4 dagger of the Shimmering Gods {flame,
                  | Fragile Int+5 Dex+4}
  5578 | D:6      | 5578 ||| Stepping ~*~*~tactically~*~*~ (stealth).
  5991 | D:6      | Reached * piety under Okawaru
  6008 | D:6      | Reached XP level 9. HP: 53/54 MP: 9/9
  6067 | D:6      | 6067 ||| INVOKING Heroism.
  6076 | D:6      | Reached skill level 1 in Invocations
  6216 | D:6      | 6216 ||| READING scroll labelled UPU LAXI IFOSIH.
  6217 | D:6      | 6217 ||| READING 3 scrolls labelled ZICEIR ROER.
  6218 | D:6      | 6218 ||| READING 2 scrolls of brand weapon.
  6218 | D:6      | 6218 ||| BRANDING +0 war axe of draining.
  6219 | D:6      | 6219 ||| READING scroll of brand weapon.
  6219 | D:6      | 6219 ||| BRANDING +0 war axe of freezing.
  6220 | D:6      | 6220 ||| READING 2 scrolls labelled BOSAHE LU UTH.
  6221 | D:6      | 6221 ||| READING scroll of enchant weapon.
  6221 | D:6      | 6221 ||| ENCHANTING +1 vorpal war axe.
  6347 | D:6      | 6347 ||| INVOKING Heroism.
  6351 | D:6      | 6351 ||| DRINKING 2 potions of curing.
  6351 | D:6      | 6351 ||| (to cure confusion)
  6476 | D:6      | 6476 ||| INVOKING Heroism.
  6482 | D:6      | Reached skill level 3 in Invocations
  6520 | D:6      | 6520 ||| UPGRADING to ring of willpower.
  6521 | D:6      | 6521 ||| READING scroll labelled AHALU ANAEDWIS.
  6547 | D:7      | 6547 ||| STAIRDANCE
  6551 | D:7      | 6551 ||| STAIRDANCE
  6553 | D:6      | 6553 ||| INVOKING Heroism.
  6626 | D:7      | 6626 ||| INVOKING Heroism.
  6650 | D:7      | 6650 ||| STAIRDANCE
  6759 | D:7      | 6759 ||| FLEEEEING.
  6760 | D:7      | 6760 ||| FLEEEEING.
  6832 | D:7      | 6832 ||| Stepping ~*~*~tactically~*~*~ (hiding).
  6836 | D:7      | 6836 ||| INVOKING Heroism.
  6931 | D:7      | 6931 ||| Stepping ~*~*~tactically~*~*~ (stealth).
  7022 | D:7      | Reached skill level 6 in Fighting
  7209 | D:7      | 7209 ||| INVOKING Heroism.
  7266 | D:7      | 7266 ||| FLEEEEING.
  7290 | D:7      | 7290 ||| FLEEEEING.
  7348 | D:7      | 7348 ||| Stepping ~*~*~tactically~*~*~ (hiding).
  7349 | D:7      | 7349 ||| Stepping ~*~*~tactically~*~*~ (hiding).
  7355 | D:7      | Reached ** piety under Okawaru
  7403 | D:7      | 7403 ||| READING scroll of enchant weapon.
  7403 | D:7      | 7403 ||| ENCHANTING +2 vorpal war axe.
  7819 | D:7      | 7819 ||| UPGRADING to amulet of regeneration.
  7824 | D:7      | 7824 ||| READING scroll labelled QAFREA ELLIHO.
  7825 | D:7      | 7825 ||| READING scroll labelled SUJOL GUREUSAU.
  7825 | D:7      | Identified a scroll of acquirement
  7825 | D:7      | 7825 ||| ACQUIRING 919 gold pieces
  7825 | D:7      | Acquired 919 gold pieces
  7827 | D:7      | 7827 ||| READING 4 scrolls of identify.
  7827 | D:7      | 7827 ||| IDENTIFYING pink potion
  7828 | D:7      | 7828 ||| READING 3 scrolls of identify.
  7828 | D:7      | 7828 ||| IDENTIFYING silvery potion
  7926 | D:8      | 7926 ||| Stepping ~*~*~tactically~*~*~ (stealth).
  7934 | D:8      | 7934 ||| Stepping ~*~*~tactically~*~*~ (stealth).
  7935 | D:8      | 7935 ||| Stepping ~*~*~tactically~*~*~ (stealth).
  7937 | D:8      | 7937 ||| Stepping ~*~*~tactically~*~*~ (stealth).
  7938 | D:8      | 7938 ||| Stepping ~*~*~tactically~*~*~ (stealth).
  8014 | D:8      | 8014 ||| INVOKING Heroism.
  8017 | D:8      | Reached skill level 9 in Axes
  8051 | D:8      | 8051 ||| INVOKING Heroism.
  8062 | D:8      | Reached XP level 10. HP: 60/60 MP: 11/13
  8268 | D:8      | 8268 ||| Stepping ~*~*~tactically~*~*~ (stealth).
  8273 | D:8      | 8273 ||| INVOKING Heroism.
  8478 | D:8      | 8478 ||| INVOKING Heroism.
  8479 | D:8      | 8479 ||| Stepping ~*~*~tactically~*~*~ (hiding).
  8480 | D:8      | 8480 ||| Stepping ~*~*~tactically~*~*~ (hiding).
  8481 | D:8      | 8481 ||| Stepping ~*~*~tactically~*~*~ (hiding).
  8487 | D:8      | 8487 ||| Stepping ~*~*~tactically~*~*~ (cloud).
  8505 | D:8      | Found a bloodstained altar of Trog.
  8557 | D:8      | Found a glowing golden altar of the Shining One.
  8578 | D:8      | 8578 ||| INVOKING Heroism.
  8596 | D:8      | 8596 ||| DROPPING +0 flail.
  8666 | D:8      | 8666 ||| DROPPING +1 scale mail of cold resistance.
  8667 | D:8      | 8667 ||| UPGRADING to +0 plate armour.
  8677 | D:8      | 8677 ||| DROPPING +0 chain mail.
  8678 | D:8      | 8678 ||| READING scroll labelled FEODWE ZOHIRIM.
  8709 | D:9      | 8709 ||| STAIRDANCE
  8727 | D:8      | 8727 ||| FLEEEEING.
  8729 | D:8      | 8729 ||| FLEEEEING.
  8730 | D:8      | 8730 ||| FLEEEEING.
  8731 | D:8      | 8731 ||| FLEEEEING.
  8732 | D:8      | 8732 ||| FLEEEEING.
  8733 | D:8      | 8733 ||| FLEEEEING.
  8734 | D:8      | 8734 ||| FLEEEEING.
  8735 | D:8      | 8735 ||| FLEEEEING.
  8736 | D:8      | 8736 ||| FLEEEEING.
  8737 | D:8      | 8737 ||| FLEEEEING.
  8738 | D:8      | 8738 ||| STAIRDANCE
  8758 | D:9      | 8758 ||| STAIRDANCE
  8768 | D:9      | Noticed a boulder beetle
  8769 | D:9      | 8769 ||| STAIRDANCE
  8790 | D:9      | 8790 ||| INVOKING Heroism.
  8793 | D:9      | 8793 ||| STAIRDANCE
  8814 | D:8      | Killed a boulder beetle
  8814 | D:8      | Reached *** piety under Okawaru
  8945 | D:9      | 8945 ||| Stepping ~*~*~tactically~*~*~ (hiding).
  8950 | D:9      | 8950 ||| INVOKING Heroism.
  9027 | D:9      | Found a runed translucent door.
  9032 | D:9      | Found a basalt altar of Yredelemnul.
  9250 | D:9      | 9250 ||| UPGRADING to +0 plate armour of positive energy.
  9260 | D:9      | 9260 ||| DROPPING +0 plate armour.
  9279 | D:10     | Entered Level 10 of the Dungeon
  9279 | D:10     | Noticed a two-headed ogre
  9280 | D:10     | 9280 ||| INVOKING Heroism.
  9288 | D:10     | Killed a two-headed ogre
  9356 | D:10     | 9356 ||| Stepping ~*~*~tactically~*~*~ (stealth).
  9362 | D:10     | 9362 ||| FLEEEEING.
  9372 | D:10     | Killed an unseen horror
  9390 | D:10     | Reached **** piety under Okawaru
  9417 | D:10     | 9417 ||| INVOKING Heroism.
  9419 | D:10     | Reached XP level 11. HP: 65/68 MP: 11/14
  9450 | D:10     | Found a staircase to the Lair.
  9513 | D:10     | 9513 ||| READING scroll of enchant armour.
  9513 | D:10     | 9513 ||| ENCHANTING +0 pair of gloves.
  9618 | D:10     | Reached skill level 3 in Throwing
  9697 | D:10     | 9697 ||| Stepping ~*~*~tactically~*~*~ (stealth).
  9706 | D:10     | 9706 ||| Stepping ~*~*~tactically~*~*~ (stealth).
  9714 | D:10     | 9714 ||| INVOKING Heroism.
  9784 | D:10     | 9784 ||| Stepping ~*~*~tactically~*~*~ (stealth).
  9786 | D:10     | 9786 ||| Stepping ~*~*~tactically~*~*~ (hiding).
  9787 | D:10     | 9787 ||| INVOKING Heroism.
  9797 | D:10     | Reached skill level 6 in Invocations
  9855 | D:10     | 9855 ||| INVOKING Heroism.
  9935 | D:10     | 9935 ||| Stepping ~*~*~tactically~*~*~ (hiding).
  9939 | D:10     | 9939 ||| INVOKING Heroism.
 10364 | D:10     | 10364 ||| PLANNING LAIR
 10364 | D:10     | 10364 ||| DROPPING amulet of the acrobat.
 10365 | D:10     | 10365 ||| READING scroll labelled WUOBRIPHIL.
 10366 | D:10     | 10366 ||| READING 5 scrolls of identify.
 10366 | D:10     | 10366 ||| IDENTIFYING brown potion
 10367 | D:10     | 10367 ||| DROPPING potion of degeneration.
 10403 | Lair:1   | Entered Level 1 of the Lair of Beasts
 10431 | Lair:1   | 10431 ||| INVOKING Heroism.
 10583 | Lair:1   | 10583 ||| INVOKING Heroism.
 10638 | Lair:1   | 10638 ||| INVOKING Heroism.
 10708 | Lair:1   | Reached ***** piety under Okawaru
 10724 | Lair:1   | 10724 ||| INVOKING Heroism.
 10739 | Lair:1   | 10739 ||| Stepping ~*~*~tactically~*~*~ (stealth).
 10746 | Lair:1   | 10746 ||| Stepping ~*~*~tactically~*~*~ (stealth).
 10766 | Lair:1   | Received a gift from Okawaru
 10782 | Lair:1   | Identified the +9 chain mail of Melancholy {SInv}
 10851 | Lair:1   | 10851 ||| INVOKING Heroism.
 10894 | Lair:1   | Received a gift from Okawaru
 11081 | Lair:1   | 11081 ||| INVOKING Heroism.
 11240 | Lair:1   | 11240 ||| UPGRADING to +0 helmet.
 11245 | Lair:1   | 11245 ||| UPGRADING to +9 chain mail of Melancholy {SInv}.
 11255 | Lair:1   | 11255 ||| DROPPING +0 plate armour of positive energy.
 11256 | Lair:1   | 11256 ||| READING scroll labelled ZUONKO XYEPA.
 11257 | Lair:1   | 11257 ||| DRINKING 2 grey potions.
 11358 | Lair:1   | 11358 ||| DROPPING potion of ambrosia.
 11374 | Lair:2   | 11374 ||| INVOKING Heroism.
 11381 | Lair:2   | Reached XP level 12. HP: 54/75 MP: 16/18
 11455 | Lair:2   | 11455 ||| INVOKING Heroism.
 11469 | Lair:2   | Reached skill level 9 in Invocations
 11488 | Lair:2   | Reached skill level 9 in Fighting
 11516 | Lair:2   | 11516 ||| INVOKING Heroism.
 11518 | Lair:2   | 11518 ||| Stepping ~*~*~tactically~*~*~ (stealth).
 11556 | Lair:2   | 11556 ||| INVOKING Heroism.
 11582 | Lair:2   | Noticed a catoblepas
 11583 | Lair:2   | 11583 ||| Stepping ~*~*~tactically~*~*~ (stealth).
 11611 | Lair:2   | 11611 ||| INVOKING Heroism.
 11617 | Lair:2   | Identified the +0 helmet of Puub {-Cast +Inv rF+++ Regen+}
                  | (Okawaru gifted it to you on level 2 of the Lair of Beasts)
 11617 | Lair:2   | Received a gift from Okawaru
 11636 | Lair:2   | 11636 ||| Stepping ~*~*~tactically~*~*~ (hiding).
 11641 | Lair:2   | 11641 ||| INVOKING Finesse.
 11650 | Lair:2   | Killed a catoblepas
 11721 | Lair:2   | 11721 ||| INVOKING Heroism.
 11821 | Lair:2   | 11821 ||| INVOKING Heroism.
 12213 | Lair:2   | 12213 ||| DROPPING +2 hat of stealth.
 12214 | Lair:2   | 12214 ||| UPGRADING to +0 helmet of Puub {-Cast +Inv rF+++
                  | Regen+}.
 12224 | Lair:2   | 12224 ||| DROPPING +0 helmet.
 12225 | Lair:2   | 12225 ||| DROPPING ring of wizardry.
 12226 | Lair:2   | 12226 ||| UPGRADING to ring of ice.
 12227 | Lair:2   | 12227 ||| READING 4 scrolls of identify.
 12227 | Lair:2   | 12227 ||| IDENTIFYING emerald potion
 12249 | Lair:3   | 12249 ||| INVOKING Heroism.
 12250 | Lair:3   | 12250 ||| STAIRDANCE
 12264 | Lair:3   | 12264 ||| STAIRDANCE
 12428 | Lair:3   | Reached skill level 12 in Axes
 12506 | Lair:3   | Found a staircase to the Swamp.
 12513 | Lair:3   | Found a staircase to the Snake Pit.
 12592 | Lair:3   | 12592 ||| Stepping ~*~*~tactically~*~*~ (stealth).
 12595 | Lair:3   | 12595 ||| Stepping ~*~*~tactically~*~*~ (stealth).
 12635 | Lair:3   | 12635 ||| Stepping ~*~*~tactically~*~*~ (stealth).
 12637 | Lair:3   | 12637 ||| Stepping ~*~*~tactically~*~*~ (stealth).
 12638 | Lair:3   | 12638 ||| Stepping ~*~*~tactically~*~*~ (stealth).
 12640 | Lair:3   | 12640 ||| Stepping ~*~*~tactically~*~*~ (stealth).
 12645 | Lair:3   | 12645 ||| INVOKING Heroism.
 12653 | Lair:3   | Reached skill level 6 in Shields
 12940 | Lair:3   | 12940 ||| INVOKING Heroism.
 13177 | Lair:3   | 13177 ||| Stepping ~*~*~tactically~*~*~ (stealth).
 13241 | Lair:3   | Received a gift from Okawaru
 13244 | Lair:3   | 13244 ||| Stepping ~*~*~tactically~*~*~ (stealth).
 13253 | Lair:3   | 13253 ||| SWAPPING to +1 broad axe of venom.
 13254 | Lair:3   | 13254 ||| DROPPING +3 vorpal war axe.
 13273 | Lair:3   | 13273 ||| Stepping ~*~*~tactically~*~*~ (stealth).
 13292 | Lair:3   | Found the +8 whip "Snakebite" {venom, curare, rPois}
 13437 | Lair:3   | 13437 ||| DROPPING amulet of guardian spirit.
 13520 | Lair:4   | Reached XP level 13. HP: 82/82 MP: 20/20
 13667 | Lair:4   | 13667 ||| INVOKING Heroism.
 13683 | Lair:4   | 13683 ||| INVOKING Heroism.
 13776 | Lair:4   | Found a viscous altar of Jiyva.
 13776 | Lair:4   | Found a staircase to the Slime Pits.
 14071 | Lair:5   | Entered Level 5 of the Lair of Beasts
 14076 | Lair:5   | 14076 ||| Stepping ~*~*~tactically~*~*~ (stealth).
 14077 | Lair:5   | 14077 ||| Stepping ~*~*~tactically~*~*~ (stealth).
 14092 | Lair:5   | 14092 ||| Stepping ~*~*~tactically~*~*~ (stealth).
 14124 | Lair:5   | 14124 ||| INVOKING Heroism.
 14139 | Lair:5   | Reached skill level 9 in Armour
 14151 | Lair:5   | 14151 ||| Stepping ~*~*~tactically~*~*~ (hiding).
 14158 | Lair:5   | Received a gift from Okawaru
 14193 | Lair:5   | 14193 ||| Stepping ~*~*~tactically~*~*~ (stealth).
 14195 | Lair:5   | 14195 ||| INVOKING Heroism.
 14238 | Lair:5   | 14238 ||| Stepping ~*~*~tactically~*~*~ (stealth).
 14270 | Lair:5   | Received a gift from Okawaru
 14301 | Lair:5   | 14301 ||| INVOKING Heroism.
 14349 | Lair:5   | 14349 ||| READING scroll of enchant weapon.
 14349 | Lair:5   | 14349 ||| ENCHANTING +1 broad axe of venom.
 14482 | Lair:5   | 14482 ||| READING 2 scrolls of enchant armour.
 14482 | Lair:5   | 14482 ||| ENCHANTING +1 pair of gloves.
 14483 | Lair:5   | 14483 ||| READING scroll of enchant armour.
 14483 | Lair:5   | 14483 ||| ENCHANTING +0 pair of boots.
 14535 | Lair:5   | Received a gift from Okawaru
 14537 | Lair:5   | 14537 ||| SWAPPING to +2 broad axe of freezing.
 14538 | Lair:5   | 14538 ||| DROPPING +2 broad axe of venom.
 14608 | Lair:5   | 14608 ||| Stepping ~*~*~tactically~*~*~ (stealth).
 14688 | Lair:5   | 14688 ||| Stepping ~*~*~tactically~*~*~ (hiding).
 14689 | Lair:5   | 14689 ||| Stepping ~*~*~tactically~*~*~ (hiding).
 14722 | Lair:5   | 14722 ||| Stepping ~*~*~tactically~*~*~ (stealth).
 14736 | Lair:5   | 14736 ||| Stepping ~*~*~tactically~*~*~ (stealth).
 14753 | Lair:5   | 14753 ||| INVOKING Heroism.
 14829 | Lair:5   | 14829 ||| Stepping ~*~*~tactically~*~*~ (hiding).
 14830 | Lair:5   | 14830 ||| Stepping ~*~*~tactically~*~*~ (stealth).
 14831 | Lair:5   | 14831 ||| INVOKING Heroism.
 14832 | Lair:5   | 14832 ||| INVOKING Finesse.
 14856 | Lair:5   | Gained mutation: Your large and strong wings let you fly.
                  | [Gargoyle growth]
 14856 | Lair:5   | Reached XP level 14. HP: 90/90 MP: 15/21
 14892 | Lair:5   | 14892 ||| Stepping ~*~*~tactically~*~*~ (hiding).
 14893 | Lair:5   | 14893 ||| Stepping ~*~*~tactically~*~*~ (hiding).
 14895 | Lair:5   | 14895 ||| Stepping ~*~*~tactically~*~*~ (hiding).
 14897 | Lair:5   | 14897 ||| INVOKING Heroism.
 14918 | Lair:5   | 14918 ||| Stepping ~*~*~tactically~*~*~ (stealth).
 14945 | Lair:5   | 14945 ||| Stepping ~*~*~tactically~*~*~ (hiding).
 14953 | Lair:5   | 14953 ||| FLEEEEING.
 14954 | Lair:5   | 14954 ||| FLEEEEING.
 14955 | Lair:5   | 14955 ||| FLEEEEING.
 14957 | Lair:5   | 14957 ||| INVOKING Heroism.
 14958 | Lair:5   | 14958 ||| SWAPPING to +2 flail of protection.
 14959 | Lair:5   | 14959 ||| INVOKING Finesse.
 14968 | Lair:5   | Identified the +6 quick blade "Amolioc" {vamp, rPois}
                  | (Okawaru gifted it to you on level 5 of the Lair of Beasts)
 14968 | Lair:5   | Received a gift from Okawaru
 14976 | Lair:5   | 14976 ||| Stepping ~*~*~tactically~*~*~ (outnumbered).
 14977 | Lair:5   | 14977 ||| Stepping ~*~*~tactically~*~*~ (outnumbered).
 14980 | Lair:5   | 14980 ||| SWAPPING to +2 broad axe of freezing.
 15075 | Lair:5   | 15075 ||| Stepping ~*~*~tactically~*~*~ (stealth).
 15202 | Lair:5   | 15202 ||| Stepping ~*~*~tactically~*~*~ (hiding).
 15203 | Lair:5   | 15203 ||| Stepping ~*~*~tactically~*~*~ (hiding).
 15320 | Lair:5   | 15320 ||| Stepping ~*~*~tactically~*~*~ (hiding).
 15324 | Lair:5   | 15324 ||| Stepping ~*~*~tactically~*~*~ (stealth).
 15341 | Lair:5   | Reached skill level 15 in Axes
 15549 | Lair:5   | 15549 ||| PLANNING D:1-11
 15689 | D:11     | Found a staircase to the Orcish Mines.
 15830 | D:11     | 15830 ||| Stepping ~*~*~tactically~*~*~ (stealth).
 15832 | D:11     | 15832 ||| INVOKING Heroism.
 15833 | D:11     | 15833 ||| Stepping ~*~*~tactically~*~*~ (stealth).
 15884 | D:11     | 15884 ||| Stepping ~*~*~tactically~*~*~ (stealth).
 15887 | D:11     | 15887 ||| INVOKING Heroism.
 16024 | D:11     | 16024 ||| FLEEEEING.
 16026 | D:11     | 16026 ||| FLEEEEING.
 16027 | D:11     | 16027 ||| FLEEEEING.
 16028 | D:11     | 16028 ||| FLEEEEING.
 16029 | D:11     | 16029 ||| FLEEEEING.
 16030 | D:11     | 16030 ||| FLEEEEING.
 16033 | D:11     | 16033 ||| STAIRDANCE
 16135 | D:10     | 16135 ||| READING scroll labelled DOOVOARAOR.
 16146 | D:11     | 16146 ||| Stepping ~*~*~tactically~*~*~ (stealth).
 16159 | D:11     | 16159 ||| Stepping ~*~*~tactically~*~*~ (stealth).
 16239 | D:11     | 16239 ||| INVOKING Heroism.
 16240 | D:11     | 16240 ||| INVOKING Finesse.
 16482 | D:11     | 16482 ||| PLANNING D
 16512 | D:12     | Found a frozen archway.
 16513 | D:12     | 16513 ||| INVOKING Heroism.
 16539 | D:12     | Reached skill level 12 in Fighting
 16583 | D:12     | 16583 ||| Stepping ~*~*~tactically~*~*~ (stealth).
 16625 | D:12     | 16625 ||| FLEEEEING.
 16628 | D:12     | 16628 ||| Stepping ~*~*~tactically~*~*~ (hiding).
 16631 | D:12     | 16631 ||| INVOKING Heroism.
 16637 | D:12     | 16637 ||| Stepping ~*~*~tactically~*~*~ (stealth).
 16661 | D:12     | Received a gift from Okawaru
 16710 | D:12     | 16710 ||| Stepping ~*~*~tactically~*~*~ (stealth).
 16723 | D:12     | 16723 ||| Stepping ~*~*~tactically~*~*~ (stealth).
 16796 | D:12     | 16796 ||| Stepping ~*~*~tactically~*~*~ (stealth).
 16875 | D:12     | Found a sacrificial altar of Ru.
 16877 | D:12     | 16877 ||| INVOKING Heroism.
 16878 | D:12     | 16878 ||| INVOKING Finesse.
 16885 | D:12     | Received a gift from Okawaru
 16923 | D:12     | 16923 ||| DROPPING +2 antimagic war axe.
 16987 | D:12     | 16987 ||| Stepping ~*~*~tactically~*~*~ (stealth).
 16994 | D:12     | 16994 ||| Stepping ~*~*~tactically~*~*~ (stealth).
 16996 | D:12     | 16996 ||| Stepping ~*~*~tactically~*~*~ (stealth).
 17179 | D:12     | 17179 ||| UPGRADING to +2 cloak.
 17189 | D:12     | 17189 ||| DROPPING +0 cloak.
 17190 | D:12     | 17190 ||| UPGRADING to +4 ring of protection.
 17192 | D:12     | 17192 ||| UPGRADING to ring of willpower.
 17255 | D:13     | 17255 ||| INVOKING Heroism.
 17256 | D:13     | 17256 ||| INVOKING Finesse.
 17312 | D:13     | 17312 ||| READING scroll of enchant armour.
 17312 | D:13     | 17312 ||| ENCHANTING +1 pair of boots.
 17391 | D:13     | 17391 ||| Stepping ~*~*~tactically~*~*~ (stealth).
 17398 | D:13     | 17398 ||| Stepping ~*~*~tactically~*~*~ (stealth).
 17407 | D:13     | 17407 ||| Stepping ~*~*~tactically~*~*~ (stealth).
 17525 | D:13     | 17525 ||| Stepping ~*~*~tactically~*~*~ (stealth).
 17623 | D:13     | Noticed Azrael
 17624 | D:13     | 17624 ||| INVOKING Heroism.
 17625 | D:13     | 17625 ||| INVOKING Finesse.
 17644 | D:13     | Killed Azrael
 17696 | D:13     | 17696 ||| DROPPING +2 flail of protection.
 17737 | D:13     | 17737 ||| INVOKING Heroism.
 17738 | D:13     | 17738 ||| INVOKING Finesse.
 17741 | D:13     | 17741 ||| SWAPPING to +0 morningstar.
 17748 | D:13     | 17748 ||| SWAPPING to +2 broad axe of freezing.
 17840 | D:13     | Found a gate to the Vaults.
 17853 | D:13     | Noticed Josephine
 17854 | D:13     | 17854 ||| INVOKING Heroism.
 17866 | D:13     | Killed Josephine
 17866 | D:13     | Identified the +3 ring mail of Okawaru {Str+5 Stlth-}
                  | (Okawaru gifted it to you on level 13 of the Dungeon)
 17866 | D:13     | Received a gift from Okawaru
 18075 | D:13     | Found Rulump's Antique Weapon Emporium.
 18116 | D:13     | 18116 ||| DROPPING orb of energy.
 18117 | D:13     | 18117 ||| DROPPING +2 pair of boots.
 18118 | D:13     | 18118 ||| READING 10 scrolls of identify.
 18118 | D:13     | 18118 ||| IDENTIFYING inky potion
 18119 | D:13     | 18119 ||| DROPPING potion of invisibility.
 18133 | D:14     | 18133 ||| Stepping ~*~*~tactically~*~*~ (stealth).
 18134 | D:14     | 18134 ||| Stepping ~*~*~tactically~*~*~ (stealth).
 18163 | D:14     | Reached XP level 15. HP: 96/96 MP: 22/22
 18169 | D:14     | 18169 ||| FLEEEEING.
 18176 | D:14     | 18176 ||| STAIRDANCE
 18243 | D:14     | 18243 ||| Stepping ~*~*~tactically~*~*~ (hiding).
 18453 | D:14     | 18453 ||| Stepping ~*~*~tactically~*~*~ (stealth).
 18486 | D:14     | 18486 ||| READING scroll of enchant weapon.
 18486 | D:14     | 18486 ||| ENCHANTING +2 broad axe of freezing.
 18574 | D:14     | Identified the +6 war axe "Ischel Hoaxe" {elec, Fly Will+}
 18576 | D:14     | 18576 ||| DROPPING +6 war axe "Ischel Hoaxe" {elec, Fly
                  | Will+}.
 18665 | Abyss:2  | Cast into level 2 of the Abyss (a wizard)
 18667 | Abyss:2  | Found a corrupted altar of Lugonu.
 18709 | Abyss:2  | 18709 ||| Stepping ~*~*~tactically~*~*~ (stealth).
 18732 | Abyss:2  | 18732 ||| Stepping ~*~*~tactically~*~*~ (stealth).
 18734 | Abyss:2  | 18734 ||| Stepping ~*~*~tactically~*~*~ (hiding).
 18797 | Abyss:2  | 18797 ||| INVOKING Heroism.
 18809 | Abyss:2  | 18809 ||| Stepping ~*~*~tactically~*~*~ (stealth).
 18815 | Abyss:2  | 18815 ||| Stepping ~*~*~tactically~*~*~ (hiding).
 18820 | Abyss:2  | 18820 ||| Stepping ~*~*~tactically~*~*~ (hiding).
 18888 | Abyss:2  | 18888 ||| Stepping ~*~*~tactically~*~*~ (stealth).
 18889 | Abyss:2  | 18889 ||| Stepping ~*~*~tactically~*~*~ (stealth).
 18899 | Abyss:2  | 18899 ||| Stepping ~*~*~tactically~*~*~ (stealth).
 18908 | Abyss:2  | 18908 ||| Stepping ~*~*~tactically~*~*~ (hiding).
 18910 | Abyss:2  | 18910 ||| Stepping ~*~*~tactically~*~*~ (hiding).
 18911 | Abyss:2  | 18911 ||| Stepping ~*~*~tactically~*~*~ (hiding).
 18942 | Abyss:2  | 18942 ||| Stepping ~*~*~tactically~*~*~ (stealth).
 18956 | Abyss:2  | 18956 ||| Stepping ~*~*~tactically~*~*~ (stealth).
 18958 | Abyss:2  | 18958 ||| Stepping ~*~*~tactically~*~*~ (hiding).
 18981 | Abyss:2  | 18981 ||| Stepping ~*~*~tactically~*~*~ (stealth).
 18987 | Abyss:2  | Noticed a bone dragon
 18988 | Abyss:2  | 18988 ||| Stepping ~*~*~tactically~*~*~ (stealth).
 18989 | Abyss:2  | 18989 ||| Stepping ~*~*~tactically~*~*~ (stealth).
 18993 | Abyss:2  | 18993 ||| Stepping ~*~*~tactically~*~*~ (stealth).
 18995 | Abyss:2  | 18995 ||| Stepping ~*~*~tactically~*~*~ (stealth).
 18999 | Abyss:2  | 18999 ||| INVOKING Heroism.
 19010 | Abyss:2  | HP: 24/96 [bone dragon (3)]
 19011 | Abyss:2  | 19011 ||| READING 6 scrolls of teleportation.
 19012 | Abyss:2  | 19012 ||| DRINKING 4 potions of heal wounds.
 19012 | Abyss:2  | Noticed a hellephant
 19015 | Abyss:2  | 19015 ||| DRINKING 3 potions of heal wounds.
 19020 | Abyss:2  | Killed a bone dragon
 19023 | D:14     | Escaped the Abyss
 19023 | D:14     | Noticed Jorgrun
 19030 | D:14     | 19030 ||| Stepping ~*~*~tactically~*~*~ (hiding).
 19035 | D:14     | 19035 ||| Stepping ~*~*~tactically~*~*~ (hiding).
 19037 | D:14     | 19037 ||| INVOKING Finesse.
 19039 | D:14     | HP: 22/96 [Jorgrun/iron shot (17)]
 19040 | D:14     | 19040 ||| DRINKING 2 potions of heal wounds.
 19047 | D:14     | 19047 ||| INVOKING Heroism.
 19058 | D:14     | Killed Jorgrun
 19064 | D:14     | Noticed Kirke
 19070 | D:14     | 19070 ||| Stepping ~*~*~tactically~*~*~ (stealth).
 19072 | D:14     | 19072 ||| Stepping ~*~*~tactically~*~*~ (stealth).
 19090 | D:14     | 19090 ||| DRINKING 5 potions of cancellation.
 19096 | D:14     | Killed Kirke
 19352 | D:14     | Identified the +7 arbalest "Texuhos" {flame, rCorr Dex+4}
 19398 | D:14     | Noticed Louise
 19399 | D:14     | 19399 ||| INVOKING Heroism.
 19400 | D:14     | 19400 ||| INVOKING Finesse.
 19421 | D:14     | Killed Louise
 19453 | D:14     | 19453 ||| DROPPING +0 morningstar.
 19542 | D:14     | 19542 ||| INVOKING Heroism.
 19647 | D:14     | 19647 ||| UPGRADING to +0 tower shield.
 19657 | D:14     | 19657 ||| DROPPING +0 buckler.
 19698 | D:15     | Entered Level 15 of the Dungeon
 19717 | D:15     | 19717 ||| INVOKING Heroism.
 19775 | D:15     | 19775 ||| INVOKING Heroism.
 19820 | D:15     | 19820 ||| Stepping ~*~*~tactically~*~*~ (hiding).
 19823 | D:15     | 19823 ||| Stepping ~*~*~tactically~*~*~ (hiding).
 19829 | D:15     | 19829 ||| INVOKING Heroism.
 19837 | D:15     | 19837 ||| Stepping ~*~*~tactically~*~*~ (stealth).
 19841 | D:15     | 19841 ||| INVOKING Finesse.
 19854 | D:15     | 19854 ||| READING 5 scrolls of teleportation.
 19873 | D:15     | Reached skill level 9 in Shields
 19888 | D:15     | 19888 ||| INVOKING Heroism.
 19918 | D:15     | Found a shadowy altar of Dithmenos.
 19919 | D:15     | Found a glowing silver altar of Zin.
 19926 | D:15     | Found a bloodstained altar of Trog.
 19960 | D:15     | 19960 ||| Stepping ~*~*~tactically~*~*~ (hiding).
 19961 | D:15     | 19961 ||| Stepping ~*~*~tactically~*~*~ (hiding).
 19962 | D:15     | 19962 ||| Stepping ~*~*~tactically~*~*~ (hiding).
 19963 | D:15     | 19963 ||| Stepping ~*~*~tactically~*~*~ (hiding).
 19992 | D:15     | Reached ****** piety under Okawaru
 20001 | D:15     | 20001 ||| Stepping ~*~*~tactically~*~*~ (hiding).
 20003 | D:15     | 20003 ||| INVOKING Heroism.
 20004 | D:15     | 20004 ||| SWAPPING to +1 eveningstar of venom.
 20005 | D:15     | 20005 ||| INVOKING Finesse.
 20010 | D:15     | 20010 ||| SWAPPING to +3 broad axe of freezing.
 20060 | D:15     | 20060 ||| Stepping ~*~*~tactically~*~*~ (hiding).
 20075 | D:15     | 20075 ||| INVOKING Heroism.
 20095 | D:15     | 20095 ||| Stepping ~*~*~tactically~*~*~ (hiding).
 20107 | D:15     | 20107 ||| Stepping ~*~*~tactically~*~*~ (hiding).
 20223 | D:15     | Noticed a frost giant
 20224 | D:15     | 20224 ||| Stepping ~*~*~tactically~*~*~ (hiding).
 20228 | D:15     | 20228 ||| INVOKING Heroism.
 20229 | D:15     | 20229 ||| INVOKING Finesse.
 20237 | D:15     | Killed a frost giant
 20237 | D:15     | Received a gift from Okawaru
 20280 | D:15     | 20280 ||| INVOKING Heroism.
 20281 | D:15     | 20281 ||| Stepping ~*~*~tactically~*~*~ (stealth).
 20282 | D:15     | 20282 ||| INVOKING Finesse.
 20285 | D:15     | 20285 ||| SWAPPING to +1 eveningstar of venom.
 20294 | D:15     | 20294 ||| SWAPPING to +3 broad axe of freezing.
 20325 | D:15     | 20325 ||| Stepping ~*~*~tactically~*~*~ (hiding).
 20326 | D:15     | 20326 ||| Stepping ~*~*~tactically~*~*~ (hiding).
 20440 | D:15     | 20440 ||| Stepping ~*~*~tactically~*~*~ (stealth).
 20443 | D:15     | 20443 ||| Stepping ~*~*~tactically~*~*~ (hiding).
 20444 | D:15     | 20444 ||| INVOKING Heroism.
 20445 | D:15     | 20445 ||| SWAPPING to +1 eveningstar of venom.
 20446 | D:15     | 20446 ||| INVOKING Finesse.
 20452 | D:15     | 20452 ||| SWAPPING to +3 broad axe of freezing.
 20458 | D:15     | Reached XP level 16. HP: 104/104 MP: 16/23
 20550 | D:15     | 20550 ||| INVOKING Heroism.
 20621 | D:15     | 20621 ||| INVOKING Heroism.
 20670 | D:15     | 20670 ||| INVOKING Heroism.
 20674 | D:15     | Reached skill level 12 in Shields
 20704 | D:15     | 20704 ||| Stepping ~*~*~tactically~*~*~ (hiding).
 20719 | D:15     | 20719 ||| READING 4 scrolls of teleportation.
 20730 | D:15     | 20730 ||| Stepping ~*~*~tactically~*~*~ (stealth).
 20732 | D:15     | 20732 ||| Stepping ~*~*~tactically~*~*~ (hiding).
 20735 | D:15     | 20735 ||| Stepping ~*~*~tactically~*~*~ (hiding).
 20857 | D:15     | 20857 ||| Stepping ~*~*~tactically~*~*~ (stealth).
 20858 | D:15     | 20858 ||| Stepping ~*~*~tactically~*~*~ (stealth).
 20862 | D:15     | 20862 ||| INVOKING Heroism.
 20891 | D:15     | 20891 ||| Stepping ~*~*~tactically~*~*~ (stealth).
 20892 | D:15     | 20892 ||| Stepping ~*~*~tactically~*~*~ (stealth).
 20911 | D:15     | 20911 ||| Stepping ~*~*~tactically~*~*~ (stealth).
 20912 | D:15     | 20912 ||| Stepping ~*~*~tactically~*~*~ (stealth).
 20914 | D:15     | 20914 ||| Stepping ~*~*~tactically~*~*~ (hiding).
 20915 | D:15     | 20915 ||| Stepping ~*~*~tactically~*~*~ (hiding).
 20917 | D:15     | 20917 ||| INVOKING Heroism.
 20971 | D:15     | 20971 ||| Stepping ~*~*~tactically~*~*~ (hiding).
 20972 | D:15     | 20972 ||| Stepping ~*~*~tactically~*~*~ (hiding).
 21012 | D:15     | 21012 ||| Stepping ~*~*~tactically~*~*~ (stealth).
 21047 | D:15     | 21047 ||| Stepping ~*~*~tactically~*~*~ (hiding).
 21058 | D:15     | 21058 ||| Stepping ~*~*~tactically~*~*~ (hiding).
 21059 | D:15     | 21059 ||| Stepping ~*~*~tactically~*~*~ (hiding).
 21185 | D:15     | Found a staircase to the Depths.
 21298 | D:15     | 21298 ||| INVOKING Heroism.
 21340 | D:15     | 21340 ||| Stepping ~*~*~tactically~*~*~ (stealth).
 21342 | D:15     | 21342 ||| Stepping ~*~*~tactically~*~*~ (stealth).
 21353 | D:15     | 21353 ||| INVOKING Heroism.
 21389 | D:15     | 21389 ||| INVOKING Heroism.
 21416 | D:15     | 21416 ||| Stepping ~*~*~tactically~*~*~ (hiding).
 21428 | D:15     | Identified the +1 hat "Ebbebbot" {*Slow Regen+ rCorr Int+3}
                  | (Okawaru gifted it to you on level 15 of the Dungeon)
 21428 | D:15     | Received a gift from Okawaru
 21463 | D:15     | 21463 ||| INVOKING Heroism.
 21464 | D:15     | 21464 ||| Stepping ~*~*~tactically~*~*~ (stealth).
 21475 | D:15     | 21475 ||| INVOKING Finesse.
 21477 | D:15     | Identified the amulet "Wena Agh" {Faith Str+4 Dex-4 Stlth+}
 21489 | D:15     | 21489 ||| SWAPPING to +1 eveningstar of venom.
 21493 | D:15     | 21493 ||| SWAPPING to +3 broad axe of freezing.
 21495 | D:15     | 21495 ||| SWAPPING to +1 eveningstar of venom.
 21497 | D:15     | 21497 ||| SWAPPING to +3 broad axe of freezing.
 21499 | D:15     | 21499 ||| SWAPPING to +1 eveningstar of venom.
 21507 | D:15     | 21507 ||| SWAPPING to +3 broad axe of freezing.
 21519 | D:15     | 21519 ||| Stepping ~*~*~tactically~*~*~ (hiding).
 21604 | D:15     | 21604 ||| Stepping ~*~*~tactically~*~*~ (stealth).
 21607 | D:15     | 21607 ||| Stepping ~*~*~tactically~*~*~ (hiding).
 21609 | D:15     | 21609 ||| Stepping ~*~*~tactically~*~*~ (hiding).
 21610 | D:15     | 21610 ||| Stepping ~*~*~tactically~*~*~ (hiding).
 21832 | D:15     | 21832 ||| PLANNING ORC
 21915 | Orc:1    | Entered Level 1 of the Orcish Mines
 21938 | Orc:1    | 21938 ||| Stepping ~*~*~tactically~*~*~ (hiding).
 21939 | Orc:1    | 21939 ||| Stepping ~*~*~tactically~*~*~ (hiding).
 21943 | Orc:1    | 21943 ||| Stepping ~*~*~tactically~*~*~ (stealth).
 21945 | Orc:1    | 21945 ||| Stepping ~*~*~tactically~*~*~ (hiding).
 21948 | Orc:1    | 21948 ||| INVOKING Heroism.
 21950 | Orc:1    | 21950 ||| Stepping ~*~*~tactically~*~*~ (stealth).
 21951 | Orc:1    | 21951 ||| Stepping ~*~*~tactically~*~*~ (stealth).
 22032 | Orc:2    | Entered Level 2 of the Orcish Mines
 22033 | Orc:2    | 22033 ||| Stepping ~*~*~tactically~*~*~ (hiding).
 22035 | Orc:2    | 22035 ||| Stepping ~*~*~tactically~*~*~ (hiding).
 22037 | Orc:2    | 22037 ||| INVOKING Heroism.
 22042 | Orc:2    | 22042 ||| Stepping ~*~*~tactically~*~*~ (stealth).
 22050 | Orc:2    | 22050 ||| Stepping ~*~*~tactically~*~*~ (stealth).
 22054 | Orc:2    | 22054 ||| Stepping ~*~*~tactically~*~*~ (stealth).
 22099 | Orc:2    | 22099 ||| Stepping ~*~*~tactically~*~*~ (stealth).
 22103 | Orc:2    | 22103 ||| Stepping ~*~*~tactically~*~*~ (stealth).
 22140 | Orc:2    | 22140 ||| Stepping ~*~*~tactically~*~*~ (stealth).
 22145 | Orc:2    | 22145 ||| Stepping ~*~*~tactically~*~*~ (stealth).
 22162 | Orc:2    | 22162 ||| INVOKING Heroism.
 22196 | Orc:2    | Noticed Snorg
 22197 | Orc:2    | 22197 ||| Stepping ~*~*~tactically~*~*~ (stealth).
 22198 | Orc:2    | 22198 ||| INVOKING Finesse.
 22200 | Orc:2    | 22200 ||| Stepping ~*~*~tactically~*~*~ (stealth).
 22208 | Orc:2    | Killed Snorg
 22217 | Orc:2    | 22217 ||| INVOKING Heroism.
 22221 | Orc:2    | 22221 ||| Stepping ~*~*~tactically~*~*~ (hiding).
 22297 | Orc:2    | 22297 ||| Stepping ~*~*~tactically~*~*~ (hiding).
 22412 | Orc:2    | 22412 ||| INVOKING Heroism.
 22417 | Orc:2    | Found Ucogirho's General Store.
 22434 | Orc:2    | Reached skill level 15 in Shields
 22440 | Orc:2    | 22440 ||| Stepping ~*~*~tactically~*~*~ (stealth).
 22442 | Orc:2    | Found Vosasm's General Store.
 22453 | Orc:2    | 22453 ||| Stepping ~*~*~tactically~*~*~ (hiding).
 22454 | Orc:2    | 22454 ||| Stepping ~*~*~tactically~*~*~ (hiding).
 22457 | Orc:2    | 22457 ||| Stepping ~*~*~tactically~*~*~ (hiding).
 22485 | Orc:2    | 22485 ||| Stepping ~*~*~tactically~*~*~ (stealth).
 22606 | Orc:2    | 22606 ||| BUYING potion of might (68 gold).
 22606 | Orc:2    | Bought a potion of might for 68 gold pieces
 22606 | Orc:2    | 22606 ||| BUYING scroll of enchant weapon (127 gold).
 22606 | Orc:2    | Bought a scroll of enchant weapon for 127 gold pieces
 22606 | Orc:2    | 22606 ||| READING scroll of enchant weapon.
 22606 | Orc:2    | 22606 ||| ENCHANTING +3 broad axe of freezing.
 22637 | Orc:2    | 22637 ||| FLEEEEING.
 22658 | Orc:2    | 22658 ||| Stepping ~*~*~tactically~*~*~ (hiding).
 22660 | Orc:2    | 22660 ||| FLEEEEING.
 22665 | Orc:2    | 22665 ||| INVOKING Heroism.
 22680 | Orc:2    | 22680 ||| Stepping ~*~*~tactically~*~*~ (hiding).
 22694 | Orc:2    | 22694 ||| Stepping ~*~*~tactically~*~*~ (stealth).
 22700 | Orc:2    | 22700 ||| Stepping ~*~*~tactically~*~*~ (stealth).
 22707 | Orc:2    | 22707 ||| Stepping ~*~*~tactically~*~*~ (hiding).
 22728 | Orc:2    | 22728 ||| INVOKING Heroism.
 22744 | Orc:2    | 22744 ||| Stepping ~*~*~tactically~*~*~ (hiding).
 22763 | Orc:2    | 22763 ||| Stepping ~*~*~tactically~*~*~ (hiding).
 22770 | Orc:2    | 22770 ||| INVOKING Heroism.
 22796 | Orc:2    | 22796 ||| Stepping ~*~*~tactically~*~*~ (hiding).
 22847 | Orc:2    | 22847 ||| Stepping ~*~*~tactically~*~*~ (stealth).
 22849 | Orc:2    | 22849 ||| INVOKING Heroism.
 22858 | Orc:2    | Reached XP level 17. HP: 108/108 MP: 22/24
 22869 | Orc:2    | Found Hor Wockurch's Antique Armour Shoppe.
 22869 | Orc:2    | Found Higuto Wiazi's Jewellery Emporium.
 22870 | Orc:2    | Found a one-way gate leading to the halls of Pandemonium.
 22872 | Orc:2    | 22872 ||| BUYING embroidered cloak (195 gold).
 22872 | Orc:2    | Bought an embroidered cloak for 195 gold pieces
 22872 | Orc:2    | 22872 ||| BUYING runed hat (182 gold).
 22872 | Orc:2    | Bought a runed hat for 182 gold pieces
 22874 | Orc:2    | 22874 ||| BUYING +6 ring of dexterity (504 gold).
 22874 | Orc:2    | Bought a +6 ring of dexterity for 504 gold pieces
 22874 | Orc:2    | 22874 ||| BUYING amulet of reflection (420 gold).
 22874 | Orc:2    | Bought an amulet of reflection for 420 gold pieces
 22874 | Orc:2    | 22874 ||| BUYING ring of Vulouty {Fire Int+3 Slay-3 SInv}
                  | (418 gold).
 22874 | Orc:2    | Bought the ring of Vulouty {Fire Int+3 Slay-3 SInv} for 418
                  | gold pieces
 22874 | Orc:2    | 22874 ||| BUYING ring of Ycsauxzij {rElec rCorr Int+4} (593
                  | gold).
 22874 | Orc:2    | Bought the ring of Ycsauxzij {rElec rCorr Int+4} for 593
                  | gold pieces
 22874 | Orc:2    | 22874 ||| SHOPLISTING ring of fire (350 gold, have 293).
 22874 | Orc:2    | 22874 ||| SHOPLISTING ring of ice (350 gold, have 293).
 22874 | Orc:2    | 22874 ||| SHOPLISTING ring of protection from cold (350
                  | gold, have 293).
 22874 | Orc:2    | 22874 ||| BUYING ring of see invisible (210 gold).
 22874 | Orc:2    | Bought a ring of see invisible for 210 gold pieces
 22927 | Orc:2    | 22927 ||| INVOKING Heroism.
 23248 | Orc:2    | Found a staircase to the Elven Halls.
 23401 | Orc:2    | 23401 ||| UPGRADING to +1 cloak of willpower.
 23411 | Orc:2    | 23411 ||| DROPPING +2 hat of stealth.
 23412 | Orc:2    | 23412 ||| READING scroll of enchant armour.
 23412 | Orc:2    | 23412 ||| ENCHANTING +1 cloak of willpower.
 23413 | Orc:2    | 23413 ||| DROPPING +2 cloak.
 23414 | Orc:2    | 23414 ||| UPGRADING to amulet of reflection.
 23424 | Orc:2    | 23424 ||| DROPPING amulet of regeneration.
 23425 | Orc:2    | 23425 ||| UPGRADING to +6 ring of dexterity.
 23427 | Orc:2    | 23427 ||| DROPPING ring of willpower.
 23656 | Orc:1    | 23656 ||| Stepping ~*~*~tactically~*~*~ (hiding).
 23657 | Orc:1    | 23657 ||| Stepping ~*~*~tactically~*~*~ (hiding).
 23822 | Orc:1    | 23822 ||| Stepping ~*~*~tactically~*~*~ (stealth).
 23823 | Orc:1    | 23823 ||| Stepping ~*~*~tactically~*~*~ (stealth).
 23826 | Orc:1    | 23826 ||| Stepping ~*~*~tactically~*~*~ (stealth).
 23827 | Orc:1    | 23827 ||| Stepping ~*~*~tactically~*~*~ (stealth).
 23828 | Orc:1    | 23828 ||| Stepping ~*~*~tactically~*~*~ (stealth).
 23836 | Orc:1    | 23836 ||| INVOKING Heroism.
 24061 | Orc:1    | 24061 ||| PLANNING SNAKE:1-3
 24183 | Snake:1  | Entered Level 1 of the Snake Pit
 24203 | Snake:1  | 24203 ||| Stepping ~*~*~tactically~*~*~ (hiding).
 24206 | Snake:1  | 24206 ||| Stepping ~*~*~tactically~*~*~ (hiding).
 24269 | Snake:1  | Identified Roxanne's Volume of the Boulder
 24269 | Snake:1  | Noticed Roxanne
 24270 | Snake:1  | 24270 ||| INVOKING Heroism.
 24271 | Snake:1  | 24271 ||| INVOKING Finesse.
 24293 | Snake:1  | Killed Roxanne
 24349 | Snake:1  | 24349 ||| Stepping ~*~*~tactically~*~*~ (hiding).
 24352 | Snake:1  | 24352 ||| Stepping ~*~*~tactically~*~*~ (hiding).
 24467 | Snake:1  | 24467 ||| Stepping ~*~*~tactically~*~*~ (hiding).
 24469 | Snake:1  | 24469 ||| INVOKING Heroism.
 24494 | Snake:1  | 24494 ||| Stepping ~*~*~tactically~*~*~ (hiding).
 24497 | Snake:1  | 24497 ||| Stepping ~*~*~tactically~*~*~ (hiding).
 24512 | Snake:1  | 24512 ||| Stepping ~*~*~tactically~*~*~ (stealth).
 24528 | Snake:1  | 24528 ||| Stepping ~*~*~tactically~*~*~ (stealth).
 24529 | Snake:1  | 24529 ||| Stepping ~*~*~tactically~*~*~ (stealth).
 24553 | Snake:1  | 24553 ||| Stepping ~*~*~tactically~*~*~ (hiding).
 24559 | Snake:1  | Received a gift from Okawaru
 24665 | Snake:1  | 24665 ||| Stepping ~*~*~tactically~*~*~ (hiding).
 24721 | Snake:1  | 24721 ||| INVOKING Heroism.
 24742 | Snake:1  | Reached skill level 6 in Throwing
 24780 | Snake:1  | 24780 ||| Stepping ~*~*~tactically~*~*~ (hiding).
 24892 | Snake:1  | Found Puxong's Book Shoppe.
 24892 | Snake:1  | Found Zebet's Jewellery Shop.
 24893 | Snake:1  | Found Ogreuthe's Book Shoppe.
 24901 | Snake:1  | 24901 ||| SHOPLISTING ring "Nysuxumech" {rCorr Slay+4}
                  | (1540 gold, have 750).
 24901 | Snake:1  | 24901 ||| BUYING ring of protection from cold (425 gold).
 24901 | Snake:1  | Bought a ring of protection from cold for 425 gold pieces
 24901 | Snake:1  | 24901 ||| SHOPLISTING ring of protection from cold (425
                  | gold, have 325).
 24901 | Snake:1  | 24901 ||| SHOPLISTING ring of resist corrosion (340 gold,
                  | have 325).
 24996 | Snake:1  | 24996 ||| Stepping ~*~*~tactically~*~*~ (hiding).
 24999 | Snake:1  | 24999 ||| Stepping ~*~*~tactically~*~*~ (hiding).
 25008 | Snake:1  | 25008 ||| Stepping ~*~*~tactically~*~*~ (hiding).
 25014 | Snake:1  | 25014 ||| INVOKING Heroism.
 25053 | Snake:1  | Noticed Agnes
 25054 | Snake:1  | 25054 ||| INVOKING Finesse.
 25055 | Snake:1  | 25055 ||| INVOKING Heroism.
 25076 | Snake:1  | Killed Agnes
 25126 | Snake:1  | Received a gift from Okawaru
 25128 | Snake:1  | 25128 ||| DROPPING +0 vorpal war axe.
 25142 | Snake:1  | 25142 ||| UPGRADING to ring of protection from cold.
 25175 | Snake:2  | 25175 ||| INVOKING Heroism.
 25217 | Snake:2  | 25217 ||| Stepping ~*~*~tactically~*~*~ (hiding).
 25221 | Snake:2  | 25221 ||| INVOKING Heroism.
 25237 | Snake:2  | Noticed Vashnia
 25243 | Snake:2  | Reached skill level 18 in Axes
 25278 | Snake:2  | Killed Vashnia
 25384 | Snake:2  | 25384 ||| Stepping ~*~*~tactically~*~*~ (hiding).
 25385 | Snake:2  | 25385 ||| Stepping ~*~*~tactically~*~*~ (hiding).
 25480 | Snake:2  | 25480 ||| Stepping ~*~*~tactically~*~*~ (hiding).
 25483 | Snake:2  | 25483 ||| Stepping ~*~*~tactically~*~*~ (hiding).
 25487 | Snake:2  | 25487 ||| INVOKING Heroism.
 25551 | Snake:2  | 25551 ||| Stepping ~*~*~tactically~*~*~ (stealth).
 25571 | Snake:2  | 25571 ||| Stepping ~*~*~tactically~*~*~ (stealth).
 25580 | Snake:2  | 25580 ||| Stepping ~*~*~tactically~*~*~ (hiding).
 25592 | Snake:2  | Identified the +2 pair of gloves "Hocuaha" {+Inv} (Okawaru
                  | gifted it to you on level 2 of the Snake Pit)
 25592 | Snake:2  | Received a gift from Okawaru
 25605 | Snake:2  | 25605 ||| Stepping ~*~*~tactically~*~*~ (stealth).
 25769 | Snake:2  | 25769 ||| Stepping ~*~*~tactically~*~*~ (hiding).
 25773 | Snake:2  | 25773 ||| INVOKING Heroism.
 25781 | Snake:2  | Reached skill level 12 in Armour
 25814 | Snake:2  | 25814 ||| Stepping ~*~*~tactically~*~*~ (hiding).
 25815 | Snake:2  | 25815 ||| Stepping ~*~*~tactically~*~*~ (hiding).
 26047 | Snake:2  | 26047 ||| Stepping ~*~*~tactically~*~*~ (hiding).
 26048 | Snake:2  | 26048 ||| Stepping ~*~*~tactically~*~*~ (hiding).
 26050 | Snake:2  | 26050 ||| Stepping ~*~*~tactically~*~*~ (hiding).
 26054 | Snake:2  | 26054 ||| Stepping ~*~*~tactically~*~*~ (hiding).
 26083 | Snake:2  | Found Raeghaulu's Overcharged Wands.
 26091 | Snake:2  | 26091 ||| SHOPLISTING wand of digging (11) (693 gold, have
                  | 380).
 26151 | Snake:2  | 26151 ||| INVOKING Heroism.
 26290 | Snake:2  | Found a runed translucent door.
 26294 | Snake:2  | Noticed qw's ghost (adept GrFi)
 26734 | Snake:2  | 26734 ||| Stepping ~*~*~tactically~*~*~ (stealth).
 26739 | Snake:2  | 26739 ||| Stepping ~*~*~tactically~*~*~ (hiding).
 27062 | Snake:2  | 27062 ||| DROPPING +2 pair of gloves "Hocuaha" {+Inv}.
 27102 | Snake:3  | Reached XP level 18. HP: 115/115 MP: 25/25
 27102 | Snake:3  | 27102 ||| DROPPING +1 eveningstar of venom.
 27117 | Snake:3  | Found Dima's Assorted Antiques.
 27117 | Snake:3  | Found Oxoqas's Assorted Antiques.
 27118 | Snake:3  | Found Wygumylov's Magic Scroll Boutique.
 27119 | Snake:3  | 27119 ||| Stepping ~*~*~tactically~*~*~ (stealth).
 27136 | Snake:3  | 27136 ||| BUYING scroll of teleportation (54 gold).
 27136 | Snake:3  | Bought a scroll of teleportation for 54 gold pieces
 27136 | Snake:3  | 27136 ||| BUYING scroll of teleportation (54 gold).
 27136 | Snake:3  | Bought a scroll of teleportation for 54 gold pieces
 27136 | Snake:3  | Found Tauzoi's Antique Weapon Shop.
 27139 | Snake:3  | 27139 ||| BUYING potion of curing (99 gold).
 27139 | Snake:3  | Bought a potion of curing for 99 gold pieces
 27139 | Snake:3  | 27139 ||| SHOPLISTING potion of magic (264 gold, have 227).
 27139 | Snake:3  | 27139 ||| SHOPLISTING scroll of brand weapon (313 gold,
                  | have 227).
 27145 | Snake:3  | 27145 ||| SHOPLISTING potion of magic (232 gold, have 227).
 27145 | Snake:3  | 27145 ||| BUYING scroll labelled VINAUT PERI (29 gold).
 27145 | Snake:3  | Bought a scroll labelled VINAUT PERI for 29 gold pieces
 27157 | Snake:3  | Found an iron altar of Okawaru.
 27191 | Snake:3  | Found Gudobib's Neck Hole.
 27193 | Snake:3  | 27193 ||| Stepping ~*~*~tactically~*~*~ (hiding).
 27213 | Snake:3  | 27213 ||| DROPPING scroll of torment.
 27232 | Snake:3  | 27232 ||| Stepping ~*~*~tactically~*~*~ (hiding).
 27267 | Snake:3  | 27267 ||| INVOKING Heroism.
 27297 | Snake:3  | 27297 ||| Stepping ~*~*~tactically~*~*~ (hiding).
 27299 | Snake:3  | 27299 ||| Stepping ~*~*~tactically~*~*~ (hiding).
 27302 | Snake:3  | 27302 ||| Stepping ~*~*~tactically~*~*~ (hiding).
 27599 | Snake:3  | 27599 ||| Stepping ~*~*~tactically~*~*~ (hiding).
 27599 | Snake:3  | Noticed Bai Suzhen
 27600 | Snake:3  | 27600 ||| INVOKING Heroism.
 27601 | Snake:3  | 27601 ||| INVOKING Finesse.
 27630 | Snake:3  | Killed Bai Suzhen
 27631 | Snake:3  | Reached skill level 18 in Shields
 27631 | Snake:3  | 27631 ||| Stepping ~*~*~tactically~*~*~ (cloud).
 27895 | Snake:3  | 27895 ||| PLANNING SWAMP:1-3
 28032 | Swamp:1  | Entered Level 1 of the Swamp
 28033 | Swamp:1  | 28033 ||| INVOKING Heroism.
 28094 | Swamp:1  | 28094 ||| Stepping ~*~*~tactically~*~*~ (stealth).
 28095 | Swamp:1  | 28095 ||| Stepping ~*~*~tactically~*~*~ (stealth).
 28104 | Swamp:1  | 28104 ||| Stepping ~*~*~tactically~*~*~ (hiding).
 28117 | Swamp:1  | 28117 ||| INVOKING Heroism.
 28265 | Swamp:1  | Noticed Mlioglotl
 28266 | Swamp:1  | 28266 ||| INVOKING Heroism.
 28267 | Swamp:1  | 28267 ||| INVOKING Finesse.
 28287 | Swamp:1  | Killed Mlioglotl
 28372 | Swamp:1  | 28372 ||| Stepping ~*~*~tactically~*~*~ (hiding).
 28375 | Swamp:1  | 28375 ||| Stepping ~*~*~tactically~*~*~ (stealth).
 28409 | Swamp:1  | 28409 ||| Stepping ~*~*~tactically~*~*~ (hiding).
 28523 | Swamp:1  | 28523 ||| INVOKING Heroism.
 28614 | Swamp:1  | 28614 ||| INVOKING Heroism.
 28621 | Swamp:1  | Reached skill level 15 in Fighting
 28938 | Swamp:2  | 28938 ||| Stepping ~*~*~tactically~*~*~ (hiding).
 28951 | Swamp:2  | 28951 ||| Stepping randomly (cloudy).
 28952 | Swamp:2  | 28952 ||| Stepping ~*~*~tactically~*~*~ (cloud).
 29068 | Swamp:2  | 29068 ||| Stepping ~*~*~tactically~*~*~ (stealth).
 29069 | Swamp:2  | 29069 ||| Stepping ~*~*~tactically~*~*~ (stealth).
 29145 | Swamp:2  | Found a broken altar of Ashenzari.
 29146 | Swamp:2  | 29146 ||| Stepping ~*~*~tactically~*~*~ (hiding).
 29147 | Swamp:2  | 29147 ||| Stepping ~*~*~tactically~*~*~ (hiding).
 29148 | Swamp:2  | 29148 ||| Stepping ~*~*~tactically~*~*~ (hiding).
 29152 | Swamp:2  | 29152 ||| INVOKING Heroism.
 29157 | Swamp:2  | 29157 ||| Stepping ~*~*~tactically~*~*~ (cloud).
 29294 | Swamp:2  | 29294 ||| Stepping ~*~*~tactically~*~*~ (stealth).
 29384 | Swamp:2  | 29384 ||| Stepping ~*~*~tactically~*~*~ (hiding).
 29386 | Swamp:2  | 29386 ||| INVOKING Heroism.
 29728 | Swamp:2  | 29728 ||| Stepping ~*~*~tactically~*~*~ (hiding).
 29852 | Swamp:3  | Received a gift from Okawaru
 29877 | Swamp:3  | 29877 ||| Stepping ~*~*~tactically~*~*~ (stealth).
 29878 | Swamp:3  | 29878 ||| Stepping ~*~*~tactically~*~*~ (stealth).
 29879 | Swamp:3  | 29879 ||| Stepping ~*~*~tactically~*~*~ (hiding).
 29881 | Swamp:3  | 29881 ||| Stepping ~*~*~tactically~*~*~ (hiding).
 29883 | Swamp:3  | 29883 ||| Stepping ~*~*~tactically~*~*~ (hiding).
 29899 | Swamp:3  | 29899 ||| Stepping ~*~*~tactically~*~*~ (stealth).
 29901 | Swamp:3  | 29901 ||| Stepping ~*~*~tactically~*~*~ (hiding).
 29914 | Swamp:3  | 29914 ||| Stepping ~*~*~tactically~*~*~ (stealth).
 29916 | Swamp:3  | 29916 ||| Stepping ~*~*~tactically~*~*~ (hiding).
 30057 | Swamp:3  | 30057 ||| INVOKING Heroism.
 30134 | Swamp:3  | 30134 ||| INVOKING Heroism.
 30229 | Swamp:3  | 30229 ||| Stepping ~*~*~tactically~*~*~ (hiding).
 30239 | Swamp:3  | Identified the +9 war axe "Junliba" {venom, rF+ Int+4 SInv}
                  | (Okawaru gifted it to you on level 3 of the Swamp)
 30239 | Swamp:3  | Received a gift from Okawaru
 30250 | Swamp:3  | 30250 ||| INVOKING Heroism.
 30360 | Swamp:3  | 30360 ||| PLANNING SNAKE:4
 30500 | Snake:4  | Entered Level 4 of the Snake Pit
 30501 | Snake:4  | 30501 ||| INVOKING Heroism.
 30502 | Snake:4  | 30502 ||| STAIRDANCE
 30645 | Snake:4  | 30645 ||| Stepping ~*~*~tactically~*~*~ (hiding).
 30705 | Snake:4  | 30705 ||| INVOKING Heroism.
 30757 | Snake:4  | 30757 ||| INVOKING Heroism.
 30889 | Snake:4  | 30889 ||| INVOKING Heroism.
 30924 | Snake:4  | Received a gift from Okawaru
 30931 | Snake:4  | 30931 ||| INVOKING Heroism.
 30938 | Snake:4  | Reached XP level 19. HP: 43/125 MP: 24/26
 31040 | Snake:4  | 31040 ||| INVOKING Heroism.
 31049 | Snake:4  | Received a gift from Okawaru
 31176 | Snake:4  | 31176 ||| Stepping ~*~*~tactically~*~*~ (hiding).
 31183 | Snake:4  | 31183 ||| Stepping ~*~*~tactically~*~*~ (hiding).
 31185 | Snake:4  | 31185 ||| Stepping ~*~*~tactically~*~*~ (hiding).
 31188 | Snake:4  | 31188 ||| INVOKING Heroism.
 31222 | Snake:4  | 31222 ||| INVOKING Heroism.
 31314 | Snake:4  | Got a serpentine rune of Zot
 31367 | Snake:4  | 31367 ||| Stepping ~*~*~tactically~*~*~ (hiding).
 31496 | Snake:4  | 31496 ||| Stepping ~*~*~tactically~*~*~ (hiding).
 31502 | Snake:4  | 31502 ||| Stepping ~*~*~tactically~*~*~ (hiding).
 31504 | Snake:4  | 31504 ||| Stepping ~*~*~tactically~*~*~ (hiding).
 31537 | Snake:4  | 31537 ||| INVOKING Heroism.
 31614 | Snake:4  | Identified the +1 pair of gloves of Exclusion {Fly Int+6}
                  | (Okawaru gifted it to you on level 4 of the Snake Pit)
 31614 | Snake:4  | Received a gift from Okawaru
 31754 | Snake:4  | 31754 ||| PLANNING VAULTS:1-4
 31754 | Snake:4  | 31754 ||| UPGRADING to +1 tower shield of protection.
 31764 | Snake:4  | 31764 ||| DROPPING +0 tower shield.
 31765 | Snake:4  | 31765 ||| DROPPING +1 pair of gloves of Exclusion {Fly
                  | Int+6}.
 32015 | Vaults:1 | Entered Level 1 of the Vaults
 32044 | Vaults:1 | 32044 ||| Stepping ~*~*~tactically~*~*~ (hiding).
 32048 | Vaults:1 | 32048 ||| Stepping ~*~*~tactically~*~*~ (hiding).
 32080 | Vaults:1 | 32080 ||| Stepping ~*~*~tactically~*~*~ (stealth).
 32082 | Vaults:1 | 32082 ||| Stepping ~*~*~tactically~*~*~ (stealth).
 32087 | Vaults:1 | 32087 ||| INVOKING Heroism.
 32129 | Vaults:1 | 32129 ||| Stepping ~*~*~tactically~*~*~ (stealth).
 32176 | Vaults:1 | 32176 ||| INVOKING Heroism.
 32291 | Vaults:1 | 32291 ||| Stepping ~*~*~tactically~*~*~ (hiding).
 32302 | Vaults:1 | 32302 ||| INVOKING Heroism.
 32412 | Vaults:1 | 32412 ||| Stepping ~*~*~tactically~*~*~ (stealth).
 32482 | Vaults:1 | 32482 ||| INVOKING Heroism.
 32538 | Vaults:1 | 32538 ||| Stepping ~*~*~tactically~*~*~ (hiding).
 32605 | Vaults:1 | 32605 ||| Stepping ~*~*~tactically~*~*~ (hiding).
 32661 | Vaults:1 | 32661 ||| Stepping ~*~*~tactically~*~*~ (hiding).
 32670 | Vaults:1 | 32670 ||| INVOKING Finesse.
 33157 | Vaults:1 | 33157 ||| Stepping ~*~*~tactically~*~*~ (stealth).
 33161 | Vaults:1 | 33161 ||| Stepping ~*~*~tactically~*~*~ (stealth).
 33163 | Vaults:1 | 33163 ||| Stepping ~*~*~tactically~*~*~ (stealth).
 33165 | Vaults:1 | 33165 ||| Stepping ~*~*~tactically~*~*~ (stealth).
 33276 | Vaults:1 | 33276 ||| INVOKING Heroism.
 33394 | Vaults:1 | 33394 ||| Stepping ~*~*~tactically~*~*~ (hiding).
 33528 | Vaults:1 | 33528 ||| DROPPING +6 ring of intelligence.
 33591 | Vaults:2 | 33591 ||| Stepping ~*~*~tactically~*~*~ (stealth).
 33593 | Vaults:2 | 33593 ||| Stepping ~*~*~tactically~*~*~ (hiding).
 33596 | Vaults:2 | 33596 ||| Stepping ~*~*~tactically~*~*~ (hiding).
 33609 | Vaults:2 | 33609 ||| INVOKING Heroism.
 33649 | Vaults:2 | 33649 ||| Stepping ~*~*~tactically~*~*~ (stealth).
 33651 | Vaults:2 | 33651 ||| Stepping ~*~*~tactically~*~*~ (hiding).
 33673 | Vaults:2 | 33673 ||| INVOKING Heroism.
 33675 | Vaults:2 | 33675 ||| INVOKING Finesse.
 33692 | Vaults:2 | Received a gift from Okawaru
 33749 | Vaults:2 | 33749 ||| DROPPING +4 vorpal war axe.
 33767 | Vaults:2 | 33767 ||| INVOKING Heroism.
 33796 | Vaults:2 | 33796 ||| READING scroll of enchant weapon.
 33796 | Vaults:2 | 33796 ||| ENCHANTING +4 broad axe of freezing.
 33814 | Vaults:2 | 33814 ||| Stepping ~*~*~tactically~*~*~ (hiding).
 33816 | Vaults:2 | 33816 ||| Stepping ~*~*~tactically~*~*~ (hiding).
 33834 | Vaults:2 | 33834 ||| INVOKING Heroism.
 33895 | Vaults:2 | 33895 ||| Stepping ~*~*~tactically~*~*~ (hiding).
 33896 | Vaults:2 | 33896 ||| Stepping ~*~*~tactically~*~*~ (hiding).
 33909 | Vaults:2 | Reached skill level 9 in Throwing
 33919 | Vaults:2 | 33919 ||| INVOKING Heroism.
 34000 | Vaults:2 | 34000 ||| Stepping ~*~*~tactically~*~*~ (hiding).
 34001 | Vaults:2 | 34001 ||| FLEEEEING.
 34002 | Vaults:2 | 34002 ||| FLEEEEING.
 34003 | Vaults:2 | 34003 ||| FLEEEEING.
 34004 | Vaults:2 | 34004 ||| FLEEEEING.
 34006 | Vaults:2 | 34006 ||| FLEEEEING.
 34007 | Vaults:2 | 34007 ||| FLEEEEING.
 34008 | Vaults:2 | 34008 ||| FLEEEEING.
 34009 | Vaults:2 | 34009 ||| FLEEEEING.
 34010 | Vaults:2 | 34010 ||| FLEEEEING.
 34011 | Vaults:2 | 34011 ||| FLEEEEING.
 34012 | Vaults:2 | 34012 ||| FLEEEEING.
 34025 | Vaults:2 | 34025 ||| INVOKING Heroism.
 34026 | Vaults:2 | 34026 ||| INVOKING Finesse.
 34043 | Vaults:2 | Reached skill level 15 in Armour
 34318 | Vaults:2 | 34318 ||| INVOKING Heroism.
 34331 | Vaults:2 | Reached XP level 20. HP: 122/134 MP: 27/27
 34452 | Vaults:2 | 34452 ||| Stepping ~*~*~tactically~*~*~ (hiding).
 34551 | Vaults:2 | 34551 ||| INVOKING Finesse.
 34626 | Vaults:2 | 34626 ||| INVOKING Heroism.
 34643 | Vaults:2 | Received a gift from Okawaru
 34932 | Vaults:2 | 34932 ||| Stepping ~*~*~tactically~*~*~ (stealth).
 34970 | Vaults:2 | 34970 ||| Stepping ~*~*~tactically~*~*~ (hiding).
 35201 | Vaults:2 | 35201 ||| Stepping ~*~*~tactically~*~*~ (hiding).
 35208 | Vaults:2 | 35208 ||| INVOKING Heroism.
 35228 | Vaults:2 | Received a gift from Okawaru
 35369 | Vaults:3 | 35369 ||| Stepping ~*~*~tactically~*~*~ (hiding).
 35376 | Vaults:3 | 35376 ||| INVOKING Heroism.
 35388 | Vaults:3 | 35388 ||| INVOKING Finesse.
 35406 | Vaults:3 | 35406 ||| DRINKING 4 potions of cancellation.
 35422 | Vaults:3 | 35422 ||| INVOKING Heroism.
 35434 | Vaults:3 | Noticed Sojobo
 35443 | Vaults:3 | Reached skill level 18 in Fighting
 35454 | Vaults:3 | Paralysed by an air elemental for 1 turns
 35468 | Vaults:3 | Killed Sojobo
 35505 | Vaults:3 | 35505 ||| FLEEEEING.
 35506 | Vaults:3 | 35506 ||| FLEEEEING.
 35507 | Vaults:3 | 35507 ||| INVOKING Heroism.
 35508 | Vaults:3 | 35508 ||| INVOKING Finesse.
 35510 | Vaults:3 | HP: 28/136 [disintegration (85)]
 35511 | Vaults:3 | 35511 ||| READING 11 scrolls of teleportation.
 35512 | Vaults:3 | 35512 ||| DRINKING 2 potions of heal wounds.
 35557 | Vaults:3 | 35557 ||| INVOKING Heroism.
 35721 | Vaults:3 | Found Wopp's Jewellery Shop.
 35727 | Vaults:3 | 35727 ||| BUYING +4 ring of evasion (756 gold).
 35727 | Vaults:3 | Bought a +4 ring of evasion for 756 gold pieces
 35727 | Vaults:3 | 35727 ||| SHOPLISTING ring "Qurrelan" {rF+ Str+4} (848
                  | gold, have 220).
 35727 | Vaults:3 | 35727 ||| SHOPLISTING ring of resist corrosion (420 gold,
                  | have 220).
 35767 | Vaults:3 | 35767 ||| Stepping ~*~*~tactically~*~*~ (stealth).
 35795 | Vaults:3 | Identified the +9 whip of Sunlight {elec, Fly}
 35937 | Vaults:3 | Received a gift from Okawaru
 36003 | Abyss:2  | Cast into level 2 of the Abyss (a wizard)
 36028 | Abyss:2  | Noticed an ancient lich
 36028 | Abyss:2  | 36028 ||| INVOKING Heroism.
 36029 | Abyss:2  | 36029 ||| INVOKING Finesse.
 36041 | Abyss:2  | Killed an ancient lich
 36080 | Abyss:2  | 36080 ||| Stepping ~*~*~tactically~*~*~ (stealth).
 36096 | Abyss:2  | 36096 ||| Stepping ~*~*~tactically~*~*~ (hiding).
 36222 | Abyss:2  | 36222 ||| Stepping ~*~*~tactically~*~*~ (stealth).
 36229 | Vaults:3 | Escaped the Abyss
 36266 | Vaults:3 | 36266 ||| Stepping ~*~*~tactically~*~*~ (hiding).
 36315 | Vaults:3 | 36315 ||| Stepping ~*~*~tactically~*~*~ (hiding).
 36319 | Vaults:3 | 36319 ||| Stepping ~*~*~tactically~*~*~ (hiding).
 36588 | Vaults:3 | 36588 ||| INVOKING Heroism.
 36670 | Vaults:3 | Found a staircase to the Crypt.
 36670 | Vaults:3 | Found an ancient bone altar of Kikubaaqudgha.
 36671 | Vaults:3 | Found a basalt altar of Yredelemnul.
 36893 | Vaults:3 | 36893 ||| INVOKING Heroism.
 37052 | Vaults:3 | 37052 ||| DROPPING ring of see invisible.
 37053 | Vaults:3 | 37053 ||| UPGRADING to +4 ring of evasion.
 37055 | Vaults:3 | 37055 ||| DROPPING +6 ring of dexterity.
 37119 | Vaults:4 | 37119 ||| Stepping ~*~*~tactically~*~*~ (hiding).
 37134 | Vaults:4 | 37134 ||| Stepping ~*~*~tactically~*~*~ (hiding).
 37139 | Vaults:4 | 37139 ||| FLEEEEING.
 37141 | Vaults:4 | 37141 ||| FLEEEEING.
 37142 | Vaults:4 | 37142 ||| FLEEEEING.
 37143 | Vaults:4 | 37143 ||| FLEEEEING.
 37144 | Vaults:4 | 37144 ||| STAIRDANCE
 37235 | Vaults:4 | 37235 ||| INVOKING Heroism.
 37260 | Vaults:4 | 37260 ||| INVOKING Heroism.
 37332 | Vaults:4 | 37332 ||| INVOKING Heroism.
 37333 | Vaults:4 | Noticed Saint Roka
 37334 | Vaults:4 | 37334 ||| Stepping ~*~*~tactically~*~*~ (hiding).
 37355 | Vaults:4 | Killed Saint Roka
 37374 | Vaults:4 | 37374 ||| READING scroll of enchant weapon.
 37374 | Vaults:4 | 37374 ||| ENCHANTING +5 broad axe of freezing.
 37393 | Vaults:4 | 37393 ||| Stepping ~*~*~tactically~*~*~ (hiding).
 37397 | Vaults:4 | 37397 ||| INVOKING Heroism.
 37398 | Vaults:4 | 37398 ||| INVOKING Finesse.
 37401 | Vaults:4 | 37401 ||| Stepping ~*~*~tactically~*~*~ (hiding).
 37417 | Vaults:4 | 37417 ||| Stepping ~*~*~tactically~*~*~ (hiding).
 37455 | Vaults:4 | 37455 ||| Stepping ~*~*~tactically~*~*~ (hiding).
 37465 | Vaults:4 | 37465 ||| Stepping ~*~*~tactically~*~*~ (hiding).
 37467 | Vaults:4 | 37467 ||| INVOKING Heroism.
 37468 | Vaults:4 | Received a gift from Okawaru
 37469 | Vaults:4 | Reached XP level 21. HP: 144/144 MP: 25/28
 37484 | Vaults:4 | 37484 ||| Stepping ~*~*~tactically~*~*~ (hiding).
 37487 | Vaults:4 | Received a gift from Okawaru
 37513 | Vaults:4 | 37513 ||| INVOKING Finesse.
 37877 | Vaults:4 | 37877 ||| INVOKING Heroism.
 37884 | Vaults:4 | Identified the +1 kite shield of Eternal Night {-Cast rPois
                  | Str+4 Dex+3} (Okawaru gifted it to you on level 4 of the
                  | Vaults)
 37884 | Vaults:4 | Received a gift from Okawaru
 37979 | Vaults:4 | 37979 ||| Stepping ~*~*~tactically~*~*~ (hiding).
 38009 | Vaults:4 | 38009 ||| INVOKING Heroism.
 38096 | Vaults:4 | 38096 ||| Stepping ~*~*~tactically~*~*~ (stealth).
 38173 | Vaults:4 | 38173 ||| Stepping ~*~*~tactically~*~*~ (hiding).
 38180 | Vaults:4 | 38180 ||| INVOKING Heroism.
 38357 | Vaults:4 | 38357 ||| Stepping ~*~*~tactically~*~*~ (hiding).
 38360 | Vaults:4 | 38360 ||| INVOKING Heroism.
 38363 | Vaults:4 | 38363 ||| Stepping ~*~*~tactically~*~*~ (hiding).
 38364 | Vaults:4 | 38364 ||| Stepping ~*~*~tactically~*~*~ (stealth).
 38378 | Vaults:4 | 38378 ||| Stepping ~*~*~tactically~*~*~ (hiding).
 38433 | Vaults:4 | 38433 ||| FLEEEEING.
 38434 | Vaults:4 | 38434 ||| FLEEEEING.
 38435 | Vaults:4 | 38435 ||| FLEEEEING.
 38436 | Vaults:4 | 38436 ||| FLEEEEING.
 38437 | Vaults:4 | 38437 ||| FLEEEEING.
 38439 | Vaults:4 | 38439 ||| FLEEEEING.
 38440 | Vaults:4 | 38440 ||| FLEEEEING.
 38441 | Vaults:4 | 38441 ||| FLEEEEING.
 38442 | Vaults:4 | 38442 ||| FLEEEEING.
 38443 | Vaults:4 | 38443 ||| FLEEEEING.
 38444 | Vaults:4 | 38444 ||| FLEEEEING.
 38445 | Vaults:4 | 38445 ||| FLEEEEING.
 38446 | Vaults:4 | 38446 ||| FLEEEEING.
 38447 | Vaults:4 | 38447 ||| FLEEEEING.
 38448 | Vaults:4 | 38448 ||| FLEEEEING.
 38449 | Vaults:4 | 38449 ||| FLEEEEING.
 38450 | Vaults:4 | 38450 ||| FLEEEEING.
 38451 | Vaults:4 | 38451 ||| FLEEEEING.
 38452 | Vaults:4 | 38452 ||| FLEEEEING.
 38453 | Vaults:4 | 38453 ||| FLEEEEING.
 38525 | Vaults:4 | 38525 ||| INVOKING Heroism.
 38526 | Vaults:4 | 38526 ||| INVOKING Finesse.
 38634 | Vaults:4 | 38634 ||| INVOKING Heroism.
 38635 | Vaults:4 | 38635 ||| INVOKING Finesse.
 38636 | Vaults:4 | 38636 ||| INVOKING Finesse.
 38647 | Vaults:4 | Reached skill level 6 in Dodging
 38830 | Vaults:4 | 38830 ||| Stepping ~*~*~tactically~*~*~ (stealth).
 38848 | Vaults:4 | 38848 ||| INVOKING Heroism.
 39031 | Vaults:4 | 39031 ||| Stepping ~*~*~tactically~*~*~ (stealth).
 39032 | Vaults:4 | 39032 ||| Stepping ~*~*~tactically~*~*~ (stealth).
 39035 | Vaults:4 | 39035 ||| Stepping ~*~*~tactically~*~*~ (hiding).
 39038 | Vaults:4 | 39038 ||| INVOKING Heroism.
 39064 | Vaults:4 | 39064 ||| INVOKING Heroism.
 39065 | Vaults:4 | 39065 ||| INVOKING Finesse.
 39191 | Vaults:4 | 39191 ||| PLANNING SWAMP:4
 39557 | Swamp:4  | Entered Level 4 of the Swamp
 39732 | Swamp:4  | 39732 ||| Stepping ~*~*~tactically~*~*~ (stealth).
 39733 | Swamp:4  | 39733 ||| Stepping ~*~*~tactically~*~*~ (stealth).
 39795 | Swamp:4  | Received a gift from Okawaru
 39813 | Swamp:4  | 39813 ||| Stepping ~*~*~tactically~*~*~ (stealth).
 39820 | Swamp:4  | 39820 ||| Stepping ~*~*~tactically~*~*~ (stealth).
 39824 | Swamp:4  | 39824 ||| Stepping ~*~*~tactically~*~*~ (stealth).
 39825 | Swamp:4  | 39825 ||| Stepping ~*~*~tactically~*~*~ (stealth).
 39826 | Swamp:4  | 39826 ||| Stepping ~*~*~tactically~*~*~ (stealth).
 39842 | Swamp:4  | 39842 ||| Stepping ~*~*~tactically~*~*~ (stealth).
 39843 | Swamp:4  | 39843 ||| INVOKING Heroism.
 39844 | Swamp:4  | 39844 ||| INVOKING Finesse.
 40132 | Swamp:4  | 40132 ||| PLANNING SWAMP:1-3
 40132 | Swamp:4  | 40132 ||| READING 23 scrolls of identify.
 40132 | Swamp:4  | 40132 ||| IDENTIFYING cyan potion
 40133 | Swamp:4  | 40133 ||| DROPPING potion of flight.
 40142 | Swamp:3  | 40142 ||| PLANNING SWAMP:4
 40144 | Swamp:4  | 40144 ||| PLANNING SWAMP:1-3
 40144 | Swamp:4  | 40144 ||| READING 11 scrolls of teleportation.
 40145 | Swamp:4  | 40145 ||| STAIRDANCE
 40156 | Swamp:3  | 40156 ||| PLANNING SWAMP:4
 40234 | Swamp:4  | 40234 ||| Stepping ~*~*~tactically~*~*~ (stealth).
 40243 | Swamp:4  | 40243 ||| PLANNING SWAMP:1-3
 40292 | Swamp:3  | 40292 ||| PLANNING SWAMP:4
 40294 | Swamp:4  | 40294 ||| PLANNING SWAMP:1-3
 40294 | Swamp:4  | 40294 ||| READING 10 scrolls of teleportation.
 40295 | Swamp:4  | 40295 ||| STAIRDANCE
 40297 | Swamp:3  | 40297 ||| PLANNING SWAMP:4
 40347 | Swamp:4  | 40347 ||| PLANNING SWAMP:1-3
 40392 | Swamp:3  | 40392 ||| PLANNING SWAMP:4
 40394 | Swamp:4  | 40394 ||| PLANNING SWAMP:1-3
 40394 | Swamp:4  | 40394 ||| READING 9 scrolls of teleportation.
 40395 | Swamp:4  | 40395 ||| STAIRDANCE
 40398 | Swamp:3  | 40398 ||| PLANNING SWAMP:4
 40450 | Swamp:4  | 40450 ||| Stepping ~*~*~tactically~*~*~ (cloud).
 40451 | Swamp:4  | 40451 ||| PLANNING SWAMP:1-3
 40451 | Swamp:4  | 40451 ||| READING 8 scrolls of teleportation.
 40492 | Swamp:3  | 40492 ||| PLANNING SWAMP:4
 40551 | Swamp:4  | 40551 ||| Stepping ~*~*~tactically~*~*~ (cloud).
 40552 | Swamp:4  | 40552 ||| PLANNING SWAMP:1-3
 40600 | Swamp:3  | 40600 ||| PLANNING SWAMP:4
 40602 | Swamp:4  | 40602 ||| PLANNING SWAMP:1-3
 40602 | Swamp:4  | 40602 ||| READING 7 scrolls of teleportation.
 40603 | Swamp:4  | 40603 ||| STAIRDANCE
 40607 | Swamp:3  | 40607 ||| PLANNING SWAMP:4
 40709 | Swamp:4  | 40709 ||| INVOKING Heroism.
 40768 | Swamp:4  | 40768 ||| Stepping ~*~*~tactically~*~*~ (stealth).
 40826 | Swamp:4  | 40826 ||| PLANNING SWAMP:1-3
 40895 | Swamp:3  | 40895 ||| PLANNING SWAMP:4
 40939 | Swamp:4  | 40939 ||| PLANNING SWAMP:1-3
 40985 | Swamp:3  | 40985 ||| PLANNING SWAMP:4
 40987 | Swamp:4  | 40987 ||| PLANNING SWAMP:1-3
 40987 | Swamp:4  | 40987 ||| READING 6 scrolls of teleportation.
 40988 | Swamp:4  | 40988 ||| STAIRDANCE
 40990 | Swamp:3  | 40990 ||| PLANNING SWAMP:4
 41064 | Swamp:4  | 41064 ||| PLANNING SWAMP:1-3
 41112 | Swamp:3  | 41112 ||| PLANNING SWAMP:4
 41114 | Swamp:4  | 41114 ||| PLANNING SWAMP:1-3
 41114 | Swamp:4  | 41114 ||| READING 5 scrolls of teleportation.
 41115 | Swamp:4  | 41115 ||| STAIRDANCE
 41117 | Swamp:3  | 41117 ||| PLANNING SWAMP:4
 41166 | Swamp:4  | 41166 ||| PLANNING SWAMP:1-3
 41210 | Swamp:3  | 41210 ||| PLANNING SWAMP:4
 41212 | Swamp:4  | 41212 ||| PLANNING SWAMP:1-3
 41212 | Swamp:4  | 41212 ||| READING 4 scrolls of teleportation.
 41213 | Swamp:4  | 41213 ||| STAIRDANCE
 41217 | Swamp:3  | 41217 ||| PLANNING SWAMP:4
 41287 | Swamp:4  | 41287 ||| PLANNING SWAMP:1-3
 41333 | Swamp:3  | 41333 ||| PLANNING SWAMP:4
 41335 | Swamp:4  | 41335 ||| PLANNING SWAMP:1-3
 41335 | Swamp:4  | 41335 ||| READING 3 scrolls of teleportation.
 41336 | Swamp:4  | 41336 ||| STAIRDANCE
 41339 | Swamp:3  | 41339 ||| PLANNING SWAMP:4
 41396 | Swamp:4  | 41396 ||| PLANNING SWAMP:1-3
 41441 | Swamp:3  | 41441 ||| PLANNING SWAMP:4
 41443 | Swamp:4  | 41443 ||| PLANNING SWAMP:1-3
 41443 | Swamp:4  | 41443 ||| READING 2 scrolls of teleportation.
 41444 | Swamp:4  | 41444 ||| STAIRDANCE
 41448 | Swamp:3  | 41448 ||| PLANNING SWAMP:4
 41522 | Swamp:4  | 41522 ||| PLANNING SWAMP:1-3
 41571 | Swamp:3  | 41571 ||| PLANNING SWAMP:4
 41573 | Swamp:4  | 41573 ||| PLANNING SWAMP:1-3
 41573 | Swamp:4  | 41573 ||| READING scroll of teleportation.
 41574 | Swamp:4  | 41574 ||| STAIRDANCE
 41578 | Swamp:3  | 41578 ||| PLANNING SWAMP:4
 41653 | Swamp:4  | 41653 ||| PLANNING SWAMP:1-3
 41724 | Swamp:3  | 41724 ||| PLANNING SWAMP:4
 41726 | Swamp:4  | 41726 ||| PLANNING SWAMP:1-3
 41726 | Swamp:4  | 41726 ||| Stepping randomly (stuck).
 41730 | Swamp:3  | 41730 ||| PLANNING SWAMP:4
 41771 | Swamp:4  | 41771 ||| PLANNING SWAMP:1-3
 41814 | Swamp:3  | 41814 ||| PLANNING SWAMP:4
 41816 | Swamp:4  | 41816 ||| PLANNING SWAMP:1-3
 41816 | Swamp:4  | 41816 ||| Stepping randomly (stuck).
 41820 | Swamp:3  | 41820 ||| PLANNING SWAMP:4
 41867 | Swamp:4  | 41867 ||| PLANNING SWAMP:1-3
 41916 | Swamp:3  | 41916 ||| PLANNING SWAMP:4
 41918 | Swamp:4  | 41918 ||| PLANNING SWAMP:1-3
 41918 | Swamp:4  | 41918 ||| Stepping randomly (stuck).
 41922 | Swamp:3  | 41922 ||| PLANNING SWAMP:4
 41971 | Swamp:4  | 41971 ||| Stepping ~*~*~tactically~*~*~ (cloud).
 41972 | Swamp:4  | 41972 ||| PLANNING SWAMP:1-3
 42022 | Swamp:3  | 42022 ||| PLANNING SWAMP:4
 42024 | Swamp:4  | 42024 ||| PLANNING SWAMP:1-3
 42024 | Swamp:4  | 42024 ||| Stepping randomly (stuck).
 42028 | Swamp:3  | 42028 ||| PLANNING SWAMP:4
 42077 | Swamp:4  | 42077 ||| Stepping ~*~*~tactically~*~*~ (cloud).
 42100 | Swamp:4  | 42100 ||| PLANNING SWAMP:1-3
 42208 | Swamp:3  | 42208 ||| PLANNING SWAMP:4
 42210 | Swamp:4  | 42210 ||| PLANNING SWAMP:1-3
 42210 | Swamp:4  | 42210 ||| Stepping randomly (stuck).
 42214 | Swamp:3  | 42214 ||| PLANNING SWAMP:4
 42282 | Swamp:4  | 42282 ||| PLANNING SWAMP:1-3
 42366 | Swamp:4  | 42366 ||| Stepping ~*~*~tactically~*~*~ (cloud).
 42370 | Swamp:4  | Got a decaying rune of Zot
 42378 | Swamp:4  | 42378 ||| Stepping ~*~*~tactically~*~*~ (cloud).
 42385 | Swamp:4  | 42385 ||| Stepping randomly (stuck).
 42393 | Swamp:4  | 42393 ||| Stepping ~*~*~tactically~*~*~ (cloud).
 42400 | Swamp:4  | 42400 ||| Stepping ~*~*~tactically~*~*~ (cloud).
 42401 | Swamp:4  | 42401 ||| Stepping ~*~*~tactically~*~*~ (cloud).
 42406 | Swamp:4  | 42406 ||| Stepping ~*~*~tactically~*~*~ (cloud).
 42425 | Swamp:4  | 42425 ||| Stepping ~*~*~tactically~*~*~ (cloud).
 42479 | Swamp:3  | 42479 ||| PLANNING DEPTHS
 42826 | Depths:1 | Entered Level 1 of the Depths
 42827 | Depths:1 | 42827 ||| INVOKING Heroism.
 42828 | Depths:1 | 42828 ||| INVOKING Finesse.
 42877 | Depths:1 | 42877 ||| Stepping ~*~*~tactically~*~*~ (stealth).
 42882 | Depths:1 | 42882 ||| INVOKING Heroism.
 42902 | Depths:1 | 42902 ||| INVOKING Finesse.
 42908 | Depths:1 | 42908 ||| Stepping ~*~*~tactically~*~*~ (stealth).
 42912 | Depths:1 | 42912 ||| Stepping ~*~*~tactically~*~*~ (stealth).
 42953 | Depths:1 | 42953 ||| INVOKING Heroism.
 42954 | Depths:1 | 42954 ||| INVOKING Finesse.
 43041 | Depths:1 | Found a glowing golden altar of the Shining One.
 43066 | Depths:1 | 43066 ||| INVOKING Heroism.
 43132 | Depths:1 | Found a radiant altar of Vehumet.
 43134 | Depths:1 | 43134 ||| INVOKING Heroism.
 43234 | Depths:1 | 43234 ||| INVOKING Heroism.
 43253 | Depths:1 | Reached XP level 22. HP: 103/152 MP: 29/29
 43282 | Depths:1 | 43282 ||| Stepping ~*~*~tactically~*~*~ (stealth).
 43305 | Depths:1 | 43305 ||| Stepping ~*~*~tactically~*~*~ (stealth).
 43478 | Depths:1 | 43478 ||| INVOKING Heroism.
 43479 | Depths:1 | 43479 ||| INVOKING Finesse.
 43526 | Depths:1 | 43526 ||| Stepping ~*~*~tactically~*~*~ (stealth).
 43527 | Depths:1 | 43527 ||| Stepping ~*~*~tactically~*~*~ (stealth).
 43528 | Depths:1 | 43528 ||| Stepping ~*~*~tactically~*~*~ (stealth).
 43748 | Depths:1 | 43748 ||| INVOKING Heroism.
 43753 | Depths:1 | Reached skill level 18 in Armour
 43808 | Depths:1 | Received a gift from Okawaru
 43847 | Depths:1 | Found a gateway to Hell.
 43954 | Depths:1 | 43954 ||| DROPPING +6 ring of strength.
 43959 | Depths:2 | 43959 ||| STAIRDANCE
 43965 | Depths:1 | Reached skill level 21 in Shields
 43967 | Depths:2 | 43967 ||| STAIRDANCE
 43978 | Depths:2 | 43978 ||| STAIRDANCE
 43987 | Depths:2 | 43987 ||| STAIRDANCE
 44050 | Depths:2 | 44050 ||| INVOKING Heroism.
 44053 | Depths:2 | 44053 ||| STAIRDANCE
 44069 | Depths:2 | 44069 ||| STAIRDANCE
 44105 | Depths:2 | 44105 ||| INVOKING Heroism.
 44107 | Depths:2 | 44107 ||| STAIRDANCE
 44146 | Depths:2 | 44146 ||| Stepping ~*~*~tactically~*~*~ (stealth).
 44148 | Depths:2 | 44148 ||| Stepping ~*~*~tactically~*~*~ (hiding).
 44157 | Depths:2 | 44157 ||| Stepping ~*~*~tactically~*~*~ (hiding).
 44168 | Depths:2 | 44168 ||| INVOKING Finesse.
 44169 | Depths:2 | 44169 ||| INVOKING Heroism.
 44179 | Depths:2 | Received a gift from Okawaru
 44199 | Depths:2 | Identified the +0 tower shield of Gabracs {*Slow rN+ Int+3
                  | Slay+2}
 44200 | Depths:2 | Found a one-way gateway to a ziggurat.
 44200 | Depths:2 | Identified the +0 tower shield of Gabracs {*Slow rN+ Int+3
                  | Slay+2}
 44200 | Depths:2 | Identified the +0 tower shield of Gabracs {*Slow rN+ Int+3
                  | Slay+2}
 44206 | Depths:2 | 44206 ||| FLEEEEING.
 44207 | Depths:2 | 44207 ||| FLEEEEING.
 44323 | Depths:2 | 44323 ||| INVOKING Heroism.
 44402 | Depths:2 | 44402 ||| Stepping ~*~*~tactically~*~*~ (hiding).
 44442 | Depths:2 | 44442 ||| INVOKING Heroism.
 44495 | Depths:2 | 44495 ||| INVOKING Finesse.
 44542 | Depths:2 | Identified the +1 chain mail "Wereut" {rCorr Str+6 SInv}
 44549 | Depths:2 | 44549 ||| Stepping ~*~*~tactically~*~*~ (stealth).
 44553 | Depths:2 | 44553 ||| Stepping ~*~*~tactically~*~*~ (hiding).
 44554 | Depths:2 | 44554 ||| Stepping ~*~*~tactically~*~*~ (hiding).
 44562 | Depths:2 | Received a gift from Okawaru
 44563 | Depths:2 | Reached skill level 21 in Fighting
 44640 | Depths:2 | 44640 ||| Stepping ~*~*~tactically~*~*~ (stealth).
 44643 | Depths:2 | 44643 ||| INVOKING Heroism.
 44683 | Depths:2 | 44683 ||| FLEEEEING.
 44684 | Depths:2 | 44684 ||| FLEEEEING.
 44685 | Depths:2 | 44685 ||| FLEEEEING.
 44689 | Depths:2 | 44689 ||| FLEEEEING.
 44690 | Depths:2 | 44690 ||| FLEEEEING.
 44691 | Depths:2 | 44691 ||| FLEEEEING.
 44692 | Depths:2 | 44692 ||| FLEEEEING.
 44693 | Depths:2 | 44693 ||| FLEEEEING.
 44695 | Depths:2 | 44695 ||| FLEEEEING.
 44700 | Depths:2 | 44700 ||| FLEEEEING.
 44701 | Depths:2 | 44701 ||| FLEEEEING.
 44702 | Depths:2 | 44702 ||| FLEEEEING.
 44704 | Depths:2 | 44704 ||| FLEEEEING.
 44716 | Depths:2 | 44716 ||| FLEEEEING.
 44718 | Depths:2 | 44718 ||| FLEEEEING.
 44719 | Depths:2 | 44719 ||| FLEEEEING.
 44720 | Depths:2 | 44720 ||| FLEEEEING.
 44721 | Depths:2 | 44721 ||| FLEEEEING.
 44722 | Depths:2 | 44722 ||| FLEEEEING.
 44723 | Depths:2 | 44723 ||| FLEEEEING.
 44790 | Depths:2 | 44790 ||| INVOKING Heroism.
 44894 | Depths:2 | 44894 ||| INVOKING Heroism.
 44895 | Depths:2 | 44895 ||| INVOKING Finesse.
 44989 | Depths:2 | 44989 ||| INVOKING Heroism.
 44990 | Depths:2 | 44990 ||| INVOKING Finesse.
 44998 | Depths:2 | Reached skill level 12 in Throwing
 45197 | Depths:2 | 45197 ||| FLEEEEING.
 45198 | Depths:2 | 45198 ||| FLEEEEING.
 45231 | Depths:2 | 45231 ||| FLEEEEING.
 45232 | Depths:2 | 45232 ||| FLEEEEING.
 45233 | Depths:2 | 45233 ||| FLEEEEING.
 45234 | Depths:2 | 45234 ||| FLEEEEING.
 45235 | Depths:2 | 45235 ||| FLEEEEING.
 45236 | Depths:2 | 45236 ||| FLEEEEING.
 45237 | Depths:2 | 45237 ||| FLEEEEING.
 45238 | Depths:2 | 45238 ||| FLEEEEING.
 45245 | Depths:2 | 45245 ||| STAIRDANCE
 45289 | Depths:2 | 45289 ||| FLEEEEING.
 45290 | Depths:2 | 45290 ||| FLEEEEING.
 45291 | Depths:2 | 45291 ||| FLEEEEING.
 45316 | Depths:2 | 45316 ||| FLEEEEING.
 45350 | Depths:2 | 45350 ||| FLEEEEING.
 45351 | Depths:2 | 45351 ||| FLEEEEING.
 45352 | Depths:2 | 45352 ||| FLEEEEING.
 45353 | Depths:2 | 45353 ||| FLEEEEING.
 45354 | Depths:2 | 45354 ||| FLEEEEING.
 45355 | Depths:2 | 45355 ||| FLEEEEING.
 45356 | Depths:2 | 45356 ||| FLEEEEING.
 45363 | Depths:2 | 45363 ||| STAIRDANCE
 45428 | Depths:2 | 45428 ||| FLEEEEING.
 45456 | Depths:2 | 45456 ||| FLEEEEING.
 45482 | Depths:2 | 45482 ||| FLEEEEING.
 45489 | Depths:2 | 45489 ||| STAIRDANCE
 45525 | Depths:2 | 45525 ||| FLEEEEING.
 45526 | Depths:2 | 45526 ||| FLEEEEING.
 45527 | Depths:2 | 45527 ||| FLEEEEING.
 45528 | Depths:2 | 45528 ||| FLEEEEING.
 45535 | Depths:2 | 45535 ||| STAIRDANCE
 45562 | Depths:2 | 45562 ||| FLEEEEING.
 45602 | Depths:2 | 45602 ||| FLEEEEING.
 45603 | Depths:2 | 45603 ||| FLEEEEING.
 45604 | Depths:2 | 45604 ||| FLEEEEING.
 45605 | Depths:2 | 45605 ||| FLEEEEING.
 45606 | Depths:2 | 45606 ||| FLEEEEING.
 45608 | Depths:2 | 45608 ||| FLEEEEING.
 45609 | Depths:2 | 45609 ||| FLEEEEING.
 45610 | Depths:2 | 45610 ||| FLEEEEING.
 45611 | Depths:2 | 45611 ||| FLEEEEING.
 45612 | Depths:2 | 45612 ||| FLEEEEING.
 45619 | Depths:2 | 45619 ||| STAIRDANCE
 45650 | Depths:2 | 45650 ||| FLEEEEING.
 45651 | Depths:2 | 45651 ||| FLEEEEING.
 45652 | Depths:2 | 45652 ||| FLEEEEING.
 45653 | Depths:2 | 45653 ||| FLEEEEING.
 45684 | Depths:2 | 45684 ||| FLEEEEING.
 45715 | Depths:2 | 45715 ||| FLEEEEING.
 45716 | Depths:2 | 45716 ||| FLEEEEING.
 45717 | Depths:2 | 45717 ||| FLEEEEING.
 45718 | Depths:2 | 45718 ||| FLEEEEING.
 45721 | Depths:2 | 45721 ||| FLEEEEING.
 45722 | Depths:2 | 45722 ||| FLEEEEING.
 45729 | Depths:2 | 45729 ||| STAIRDANCE
 45772 | Depths:2 | 45772 ||| FLEEEEING.
 45773 | Depths:2 | 45773 ||| FLEEEEING.
 45774 | Depths:2 | 45774 ||| FLEEEEING.
 45775 | Depths:2 | 45775 ||| FLEEEEING.
 45776 | Depths:2 | 45776 ||| FLEEEEING.
 45777 | Depths:2 | 45777 ||| FLEEEEING.
 45784 | Depths:2 | 45784 ||| STAIRDANCE
 45848 | Depths:2 | 45848 ||| FLEEEEING.
 45869 | Depths:2 | 45869 ||| FLEEEEING.
 45870 | Depths:2 | 45870 ||| FLEEEEING.
 45877 | Depths:2 | 45877 ||| STAIRDANCE
 45911 | Depths:2 | 45911 ||| FLEEEEING.
 45912 | Depths:2 | 45912 ||| FLEEEEING.
 45913 | Depths:2 | 45913 ||| FLEEEEING.
 45920 | Depths:2 | 45920 ||| STAIRDANCE
 45952 | Depths:2 | 45952 ||| FLEEEEING.
 45953 | Depths:2 | 45953 ||| FLEEEEING.
 45978 | Depths:2 | 45978 ||| FLEEEEING.
 45979 | Depths:2 | 45979 ||| FLEEEEING.
 45980 | Depths:2 | 45980 ||| FLEEEEING.
 45987 | Depths:2 | 45987 ||| STAIRDANCE
 46029 | Depths:2 | 46029 ||| FLEEEEING.
 46030 | Depths:2 | 46030 ||| FLEEEEING.
 46037 | Depths:2 | 46037 ||| STAIRDANCE
 46083 | Depths:2 | 46083 ||| FLEEEEING.
 46112 | Depths:2 | 46112 ||| FLEEEEING.
 46113 | Depths:2 | 46113 ||| FLEEEEING.
 46114 | Depths:2 | 46114 ||| FLEEEEING.
 46126 | Depths:2 | 46126 ||| FLEEEEING.
 46134 | Depths:2 | 46134 ||| FLEEEEING.
 46135 | Depths:2 | 46135 ||| FLEEEEING.
 46136 | Depths:2 | 46136 ||| FLEEEEING.
 46137 | Depths:2 | 46137 ||| FLEEEEING.
 46163 | Depths:2 | 46163 ||| FLEEEEING.
 46164 | Depths:2 | 46164 ||| FLEEEEING.
 46165 | Depths:2 | 46165 ||| FLEEEEING.
 46166 | Depths:2 | 46166 ||| FLEEEEING.
 46167 | Depths:2 | 46167 ||| FLEEEEING.
 46168 | Depths:2 | 46168 ||| FLEEEEING.
 46175 | Depths:2 | 46175 ||| STAIRDANCE
 46227 | Depths:2 | 46227 ||| FLEEEEING.
 46234 | Depths:2 | 46234 ||| STAIRDANCE
 46263 | Depths:2 | 46263 ||| FLEEEEING.
 46264 | Depths:2 | 46264 ||| FLEEEEING.
 46265 | Depths:2 | 46265 ||| FLEEEEING.
 46290 | Depths:2 | 46290 ||| FLEEEEING.
 46291 | Depths:2 | 46291 ||| FLEEEEING.
 46292 | Depths:2 | 46292 ||| FLEEEEING.
 46293 | Depths:2 | 46293 ||| FLEEEEING.
 46340 | Depths:2 | 46340 ||| FLEEEEING.
 46374 | Depths:2 | 46374 ||| FLEEEEING.
 46405 | Depths:2 | 46405 ||| FLEEEEING.
 46439 | Depths:2 | 46439 ||| FLEEEEING.
 46440 | Depths:2 | 46440 ||| FLEEEEING.
 46465 | Depths:2 | 46465 ||| FLEEEEING.
 46498 | Depths:2 | 46498 ||| FLEEEEING.
 46499 | Depths:2 | 46499 ||| FLEEEEING.
 46500 | Depths:2 | 46500 ||| FLEEEEING.
 46501 | Depths:2 | 46501 ||| FLEEEEING.
 46536 | Depths:2 | 46536 ||| FLEEEEING.
 46537 | Depths:2 | 46537 ||| FLEEEEING.
 46538 | Depths:2 | 46538 ||| FLEEEEING.
 46539 | Depths:2 | 46539 ||| FLEEEEING.
 46578 | Depths:2 | 46578 ||| FLEEEEING.
 46604 | Depths:2 | 46604 ||| FLEEEEING.
 46628 | Depths:2 | 46628 ||| FLEEEEING.
 46629 | Depths:2 | 46629 ||| FLEEEEING.
 46653 | Depths:2 | 46653 ||| FLEEEEING.
 46688 | Depths:2 | 46688 ||| FLEEEEING.
 46689 | Depths:2 | 46689 ||| FLEEEEING.
 46690 | Depths:2 | 46690 ||| FLEEEEING.
 46691 | Depths:2 | 46691 ||| FLEEEEING.
 46692 | Depths:2 | 46692 ||| FLEEEEING.
 46693 | Depths:2 | 46693 ||| FLEEEEING.
 46760 | Depths:2 | 46760 ||| FLEEEEING.
 46761 | Depths:2 | 46761 ||| FLEEEEING.
 46762 | Depths:2 | 46762 ||| FLEEEEING.
 46807 | Depths:2 | 46807 ||| FLEEEEING.
 46808 | Depths:2 | 46808 ||| FLEEEEING.
 46809 | Depths:2 | 46809 ||| FLEEEEING.
 46810 | Depths:2 | 46810 ||| FLEEEEING.
 46843 | Depths:2 | 46843 ||| FLEEEEING.
 46865 | Depths:2 | 46865 ||| FLEEEEING.
 46866 | Depths:2 | 46866 ||| FLEEEEING.
 46867 | Depths:2 | 46867 ||| FLEEEEING.
 46911 | Depths:2 | 46911 ||| FLEEEEING.
 46934 | Depths:2 | 46934 ||| FLEEEEING.
 46965 | Depths:2 | 46965 ||| FLEEEEING.
 46993 | Depths:2 | 46993 ||| FLEEEEING.
 46994 | Depths:2 | 46994 ||| FLEEEEING.
 46995 | Depths:2 | 46995 ||| FLEEEEING.
 47040 | Depths:2 | 47040 ||| FLEEEEING.
 47041 | Depths:2 | 47041 ||| FLEEEEING.
 47042 | Depths:2 | 47042 ||| FLEEEEING.
 47043 | Depths:2 | 47043 ||| FLEEEEING.
 47044 | Depths:2 | 47044 ||| FLEEEEING.
 47045 | Depths:2 | 47045 ||| FLEEEEING.
 47046 | Depths:2 | 47046 ||| FLEEEEING.
 47106 | Depths:2 | 47106 ||| FLEEEEING.
 47137 | Depths:2 | 47137 ||| FLEEEEING.
 47138 | Depths:2 | 47138 ||| FLEEEEING.
 47139 | Depths:2 | 47139 ||| FLEEEEING.
 47192 | Depths:2 | 47192 ||| FLEEEEING.
 47193 | Depths:2 | 47193 ||| FLEEEEING.
 47194 | Depths:2 | 47194 ||| FLEEEEING.
 47195 | Depths:2 | 47195 ||| FLEEEEING.
 47242 | Depths:2 | 47242 ||| FLEEEEING.
 47243 | Depths:2 | 47243 ||| FLEEEEING.
 47244 | Depths:2 | 47244 ||| FLEEEEING.
 47245 | Depths:2 | 47245 ||| FLEEEEING.
 47246 | Depths:2 | 47246 ||| FLEEEEING.
 47247 | Depths:2 | 47247 ||| FLEEEEING.
 47248 | Depths:2 | 47248 ||| FLEEEEING.
 47249 | Depths:2 | 47249 ||| FLEEEEING.
 47250 | Depths:2 | 47250 ||| FLEEEEING.
 47312 | Depths:2 | 47312 ||| FLEEEEING.
 47313 | Depths:2 | 47313 ||| FLEEEEING.
 47314 | Depths:2 | 47314 ||| FLEEEEING.
 47315 | Depths:2 | 47315 ||| FLEEEEING.
 47316 | Depths:2 | 47316 ||| FLEEEEING.
 47317 | Depths:2 | 47317 ||| FLEEEEING.
 47318 | Depths:2 | 47318 ||| FLEEEEING.
 47319 | Depths:2 | 47319 ||| FLEEEEING.
 47320 | Depths:2 | 47320 ||| FLEEEEING.
 47321 | Depths:2 | 47321 ||| FLEEEEING.
 47322 | Depths:2 | 47322 ||| FLEEEEING.
 47323 | Depths:2 | 47323 ||| FLEEEEING.
 47401 | Depths:2 | 47401 ||| FLEEEEING.
 47402 | Depths:2 | 47402 ||| FLEEEEING.
 47403 | Depths:2 | 47403 ||| FLEEEEING.
 47404 | Depths:2 | 47404 ||| FLEEEEING.
 47405 | Depths:2 | 47405 ||| FLEEEEING.
 47406 | Depths:2 | 47406 ||| FLEEEEING.
 47407 | Depths:2 | 47407 ||| FLEEEEING.
 47408 | Depths:2 | 47408 ||| FLEEEEING.
 47409 | Depths:2 | 47409 ||| FLEEEEING.
 47481 | Depths:2 | 47481 ||| FLEEEEING.
 47482 | Depths:2 | 47482 ||| FLEEEEING.
 47483 | Depths:2 | 47483 ||| FLEEEEING.
 47484 | Depths:2 | 47484 ||| FLEEEEING.
 47485 | Depths:2 | 47485 ||| FLEEEEING.
 47486 | Depths:2 | 47486 ||| FLEEEEING.
 47487 | Depths:2 | 47487 ||| FLEEEEING.
 47506 | Depths:2 | 47506 ||| FLEEEEING.
 47528 | Depths:2 | 47528 ||| FLEEEEING.
 47529 | Depths:2 | 47529 ||| FLEEEEING.
 47530 | Depths:2 | 47530 ||| FLEEEEING.
 47531 | Depths:2 | 47531 ||| FLEEEEING.
 47532 | Depths:2 | 47532 ||| FLEEEEING.
 47533 | Depths:2 | 47533 ||| FLEEEEING.
 47534 | Depths:2 | 47534 ||| FLEEEEING.
 47535 | Depths:2 | 47535 ||| FLEEEEING.
 47569 | Depths:2 | 47569 ||| FLEEEEING.
 47570 | Depths:2 | 47570 ||| FLEEEEING.
 47613 | Depths:2 | 47613 ||| FLEEEEING.
 47614 | Depths:2 | 47614 ||| FLEEEEING.
 47615 | Depths:2 | 47615 ||| FLEEEEING.
 47657 | Depths:2 | 47657 ||| FLEEEEING.
 47658 | Depths:2 | 47658 ||| FLEEEEING.
 47659 | Depths:2 | 47659 ||| FLEEEEING.
 47660 | Depths:2 | 47660 ||| FLEEEEING.
 47661 | Depths:2 | 47661 ||| FLEEEEING.
 47662 | Depths:2 | 47662 ||| FLEEEEING.
 47663 | Depths:2 | 47663 ||| FLEEEEING.
 47664 | Depths:2 | 47664 ||| FLEEEEING.
 47665 | Depths:2 | 47665 ||| FLEEEEING.
 47690 | Depths:2 | 47690 ||| FLEEEEING.
 47691 | Depths:2 | 47691 ||| FLEEEEING.
 47692 | Depths:2 | 47692 ||| FLEEEEING.
 47693 | Depths:2 | 47693 ||| FLEEEEING.
 47694 | Depths:2 | 47694 ||| FLEEEEING.
 47695 | Depths:2 | 47695 ||| FLEEEEING.
 47696 | Depths:2 | 47696 ||| FLEEEEING.
 47744 | Depths:2 | 47744 ||| FLEEEEING.
 47746 | Depths:2 | 47746 ||| FLEEEEING.
 47747 | Depths:2 | 47747 ||| FLEEEEING.
 47780 | Depths:2 | 47780 ||| FLEEEEING.
 47781 | Depths:2 | 47781 ||| FLEEEEING.
 47782 | Depths:2 | 47782 ||| FLEEEEING.
 47783 | Depths:2 | 47783 ||| FLEEEEING.
 47829 | Depths:2 | 47829 ||| FLEEEEING.
 47830 | Depths:2 | 47830 ||| FLEEEEING.
 47831 | Depths:2 | 47831 ||| FLEEEEING.
 47834 | Depths:2 | 47834 ||| FLEEEEING.
 47835 | Depths:2 | 47835 ||| FLEEEEING.
 47836 | Depths:2 | 47836 ||| FLEEEEING.
 47837 | Depths:2 | 47837 ||| FLEEEEING.
 47838 | Depths:2 | 47838 ||| FLEEEEING.
 47839 | Depths:2 | 47839 ||| FLEEEEING.
 47897 | Depths:2 | 47897 ||| FLEEEEING.
 47898 | Depths:2 | 47898 ||| FLEEEEING.
 47899 | Depths:2 | 47899 ||| FLEEEEING.
 47900 | Depths:2 | 47900 ||| FLEEEEING.
 47901 | Depths:2 | 47901 ||| FLEEEEING.
 47902 | Depths:2 | 47902 ||| FLEEEEING.
 47948 | Depths:2 | 47948 ||| FLEEEEING.
 47949 | Depths:2 | 47949 ||| FLEEEEING.
 47977 | Depths:2 | 47977 ||| FLEEEEING.
 47978 | Depths:2 | 47978 ||| FLEEEEING.
 48013 | Depths:2 | 48013 ||| FLEEEEING.
 48014 | Depths:2 | 48014 ||| FLEEEEING.
 48015 | Depths:2 | 48015 ||| FLEEEEING.
 48016 | Depths:2 | 48016 ||| FLEEEEING.
 48017 | Depths:2 | 48017 ||| FLEEEEING.
 48070 | Depths:2 | 48070 ||| FLEEEEING.
 48071 | Depths:2 | 48071 ||| FLEEEEING.
 48072 | Depths:2 | 48072 ||| FLEEEEING.
 48073 | Depths:2 | 48073 ||| FLEEEEING.
 48074 | Depths:2 | 48074 ||| FLEEEEING.
 48075 | Depths:2 | 48075 ||| FLEEEEING.
 48076 | Depths:2 | 48076 ||| FLEEEEING.
 48077 | Depths:2 | 48077 ||| FLEEEEING.
 48078 | Depths:2 | 48078 ||| FLEEEEING.
 48079 | Depths:2 | 48079 ||| FLEEEEING.
 48080 | Depths:2 | 48080 ||| FLEEEEING.
 48117 | Depths:2 | 48117 ||| FLEEEEING.
 48118 | Depths:2 | 48118 ||| FLEEEEING.
 48147 | Depths:2 | 48147 ||| FLEEEEING.
 48148 | Depths:2 | 48148 ||| FLEEEEING.
 48149 | Depths:2 | 48149 ||| FLEEEEING.
 48198 | Depths:2 | 48198 ||| FLEEEEING.
 48199 | Depths:2 | 48199 ||| FLEEEEING.
 48200 | Depths:2 | 48200 ||| FLEEEEING.
 48201 | Depths:2 | 48201 ||| FLEEEEING.
 48202 | Depths:2 | 48202 ||| FLEEEEING.
 48203 | Depths:2 | 48203 ||| FLEEEEING.
 48247 | Depths:2 | 48247 ||| FLEEEEING.
 48248 | Depths:2 | 48248 ||| FLEEEEING.
 48276 | Depths:2 | 48276 ||| FLEEEEING.
 48277 | Depths:2 | 48277 ||| FLEEEEING.
 48278 | Depths:2 | 48278 ||| FLEEEEING.
 48279 | Depths:2 | 48279 ||| FLEEEEING.
 48280 | Depths:2 | 48280 ||| FLEEEEING.
 48281 | Depths:2 | 48281 ||| FLEEEEING.
 48347 | Depths:2 | 48347 ||| FLEEEEING.
 48348 | Depths:2 | 48348 ||| FLEEEEING.
 48349 | Depths:2 | 48349 ||| FLEEEEING.
 48350 | Depths:2 | 48350 ||| FLEEEEING.
 48351 | Depths:2 | 48351 ||| FLEEEEING.
 48352 | Depths:2 | 48352 ||| FLEEEEING.
 48353 | Depths:2 | 48353 ||| FLEEEEING.
 48354 | Depths:2 | 48354 ||| FLEEEEING.
 48355 | Depths:2 | 48355 ||| FLEEEEING.
 48406 | Depths:2 | 48406 ||| FLEEEEING.
 48407 | Depths:2 | 48407 ||| FLEEEEING.
 48408 | Depths:2 | 48408 ||| FLEEEEING.
 48409 | Depths:2 | 48409 ||| FLEEEEING.
 48410 | Depths:2 | 48410 ||| FLEEEEING.
 48411 | Depths:2 | 48411 ||| FLEEEEING.
 48412 | Depths:2 | 48412 ||| FLEEEEING.
 48413 | Depths:2 | 48413 ||| FLEEEEING.
 48458 | Depths:2 | 48458 ||| FLEEEEING.
 48459 | Depths:2 | 48459 ||| FLEEEEING.
 48492 | Depths:2 | 48492 ||| FLEEEEING.
 48493 | Depths:2 | 48493 ||| FLEEEEING.
 48494 | Depths:2 | 48494 ||| FLEEEEING.
 48495 | Depths:2 | 48495 ||| FLEEEEING.
 48496 | Depths:2 | 48496 ||| FLEEEEING.
 48497 | Depths:2 | 48497 ||| FLEEEEING.
 48546 | Depths:2 | 48546 ||| FLEEEEING.
 48547 | Depths:2 | 48547 ||| FLEEEEING.
 48548 | Depths:2 | 48548 ||| FLEEEEING.
 48549 | Depths:2 | 48549 ||| FLEEEEING.
 48550 | Depths:2 | 48550 ||| FLEEEEING.
 48551 | Depths:2 | 48551 ||| FLEEEEING.
 48552 | Depths:2 | 48552 ||| FLEEEEING.
 48553 | Depths:2 | 48553 ||| FLEEEEING.
 48554 | Depths:2 | 48554 ||| FLEEEEING.
 48555 | Depths:2 | 48555 ||| FLEEEEING.
 48602 | Depths:2 | 48602 ||| FLEEEEING.
 48603 | Depths:2 | 48603 ||| FLEEEEING.
 48604 | Depths:2 | 48604 ||| FLEEEEING.
 48605 | Depths:2 | 48605 ||| FLEEEEING.
 48639 | Depths:2 | 48639 ||| FLEEEEING.
 48640 | Depths:2 | 48640 ||| FLEEEEING.
 48641 | Depths:2 | 48641 ||| FLEEEEING.
 48683 | Depths:2 | 48683 ||| FLEEEEING.
 48684 | Depths:2 | 48684 ||| FLEEEEING.
 48685 | Depths:2 | 48685 ||| FLEEEEING.
 48686 | Depths:2 | 48686 ||| FLEEEEING.
 48687 | Depths:2 | 48687 ||| FLEEEEING.
 48720 | Depths:2 | 48720 ||| FLEEEEING.
 48721 | Depths:2 | 48721 ||| FLEEEEING.
 48722 | Depths:2 | 48722 ||| FLEEEEING.
 48774 | Depths:2 | 48774 ||| FLEEEEING.
 48775 | Depths:2 | 48775 ||| FLEEEEING.
 48776 | Depths:2 | 48776 ||| FLEEEEING.
 48777 | Depths:2 | 48777 ||| FLEEEEING.
 48822 | Depths:2 | 48822 ||| FLEEEEING.
 48823 | Depths:2 | 48823 ||| FLEEEEING.
 48824 | Depths:2 | 48824 ||| FLEEEEING.
 48852 | Depths:2 | 48852 ||| FLEEEEING.
 48855 | Depths:2 | 48855 ||| FLEEEEING.
 48856 | Depths:2 | 48856 ||| FLEEEEING.
 48857 | Depths:2 | 48857 ||| FLEEEEING.
 48858 | Depths:2 | 48858 ||| FLEEEEING.
 48859 | Depths:2 | 48859 ||| FLEEEEING.
 48906 | Depths:2 | 48906 ||| FLEEEEING.
 48907 | Depths:2 | 48907 ||| FLEEEEING.
 48908 | Depths:2 | 48908 ||| FLEEEEING.
 48909 | Depths:2 | 48909 ||| FLEEEEING.
 48957 | Depths:2 | 48957 ||| FLEEEEING.
 48958 | Depths:2 | 48958 ||| FLEEEEING.
 49000 | Depths:2 | 49000 ||| FLEEEEING.
 49001 | Depths:2 | 49001 ||| FLEEEEING.
 49002 | Depths:2 | 49002 ||| FLEEEEING.
 49003 | Depths:2 | 49003 ||| FLEEEEING.
 49004 | Depths:2 | 49004 ||| FLEEEEING.
 49005 | Depths:2 | 49005 ||| FLEEEEING.
 49006 | Depths:2 | 49006 ||| FLEEEEING.
 49007 | Depths:2 | 49007 ||| FLEEEEING.
 49008 | Depths:2 | 49008 ||| FLEEEEING.
 49009 | Depths:2 | 49009 ||| FLEEEEING.
 49010 | Depths:2 | 49010 ||| FLEEEEING.
 49093 | Depths:2 | 49093 ||| FLEEEEING.
 49094 | Depths:2 | 49094 ||| FLEEEEING.
 49095 | Depths:2 | 49095 ||| FLEEEEING.
 49096 | Depths:2 | 49096 ||| FLEEEEING.
 49097 | Depths:2 | 49097 ||| FLEEEEING.
 49098 | Depths:2 | 49098 ||| FLEEEEING.
 49099 | Depths:2 | 49099 ||| FLEEEEING.
 49100 | Depths:2 | 49100 ||| FLEEEEING.
 49101 | Depths:2 | 49101 ||| FLEEEEING.
 49160 | Depths:2 | 49160 ||| FLEEEEING.
 49161 | Depths:2 | 49161 ||| FLEEEEING.
 49162 | Depths:2 | 49162 ||| FLEEEEING.
 49163 | Depths:2 | 49163 ||| FLEEEEING.
 49164 | Depths:2 | 49164 ||| FLEEEEING.
 49165 | Depths:2 | 49165 ||| FLEEEEING.
 49166 | Depths:2 | 49166 ||| FLEEEEING.
 49167 | Depths:2 | 49167 ||| FLEEEEING.
 49168 | Depths:2 | 49168 ||| FLEEEEING.
 49169 | Depths:2 | 49169 ||| FLEEEEING.
 49170 | Depths:2 | 49170 ||| FLEEEEING.
 49171 | Depths:2 | 49171 ||| FLEEEEING.
 49172 | Depths:2 | 49172 ||| FLEEEEING.
 49228 | Depths:2 | 49228 ||| FLEEEEING.
 49229 | Depths:2 | 49229 ||| FLEEEEING.
 49230 | Depths:2 | 49230 ||| FLEEEEING.
 49231 | Depths:2 | 49231 ||| FLEEEEING.
 49232 | Depths:2 | 49232 ||| FLEEEEING.
 49233 | Depths:2 | 49233 ||| FLEEEEING.
 49234 | Depths:2 | 49234 ||| FLEEEEING.
 49235 | Depths:2 | 49235 ||| FLEEEEING.
 49236 | Depths:2 | 49236 ||| FLEEEEING.
 49237 | Depths:2 | 49237 ||| FLEEEEING.
 49238 | Depths:2 | 49238 ||| FLEEEEING.
 49300 | Depths:2 | 49300 ||| FLEEEEING.
 49301 | Depths:2 | 49301 ||| FLEEEEING.
 49302 | Depths:2 | 49302 ||| FLEEEEING.
 49303 | Depths:2 | 49303 ||| FLEEEEING.
 49304 | Depths:2 | 49304 ||| FLEEEEING.
 49305 | Depths:2 | 49305 ||| FLEEEEING.
 49306 | Depths:2 | 49306 ||| FLEEEEING.
 49361 | Depths:2 | 49361 ||| FLEEEEING.
 49362 | Depths:2 | 49362 ||| FLEEEEING.
 49363 | Depths:2 | 49363 ||| FLEEEEING.
 49364 | Depths:2 | 49364 ||| FLEEEEING.
 49365 | Depths:2 | 49365 ||| FLEEEEING.
 49388 | Depths:2 | 49388 ||| FLEEEEING.
 49389 | Depths:2 | 49389 ||| FLEEEEING.
 49390 | Depths:2 | 49390 ||| FLEEEEING.
 49391 | Depths:2 | 49391 ||| FLEEEEING.
 49392 | Depths:2 | 49392 ||| FLEEEEING.
 49393 | Depths:2 | 49393 ||| FLEEEEING.
 49394 | Depths:2 | 49394 ||| FLEEEEING.
 49437 | Depths:2 | 49437 ||| FLEEEEING.
 49438 | Depths:2 | 49438 ||| FLEEEEING.
 49439 | Depths:2 | 49439 ||| FLEEEEING.
 49440 | Depths:2 | 49440 ||| FLEEEEING.
 49441 | Depths:2 | 49441 ||| FLEEEEING.
 49475 | Depths:2 | 49475 ||| FLEEEEING.
 49476 | Depths:2 | 49476 ||| FLEEEEING.
 49477 | Depths:2 | 49477 ||| FLEEEEING.
 49478 | Depths:2 | 49478 ||| FLEEEEING.
 49479 | Depths:2 | 49479 ||| FLEEEEING.
 49480 | Depths:2 | 49480 ||| FLEEEEING.
 49481 | Depths:2 | 49481 ||| FLEEEEING.
 49521 | Depths:2 | 49521 ||| FLEEEEING.
 49522 | Depths:2 | 49522 ||| FLEEEEING.
 49523 | Depths:2 | 49523 ||| FLEEEEING.
 49562 | Depths:2 | 49562 ||| FLEEEEING.
 49563 | Depths:2 | 49563 ||| FLEEEEING.
 49564 | Depths:2 | 49564 ||| FLEEEEING.
 49565 | Depths:2 | 49565 ||| FLEEEEING.
 49566 | Depths:2 | 49566 ||| FLEEEEING.
 49585 | Depths:2 | 49585 ||| FLEEEEING.
 49586 | Depths:2 | 49586 ||| FLEEEEING.
 49587 | Depths:2 | 49587 ||| FLEEEEING.
 49656 | Depths:3 | 49656 ||| Stepping ~*~*~tactically~*~*~ (hiding).
 49666 | Depths:3 | 49666 ||| INVOKING Heroism.
 49677 | Depths:3 | Noticed Parghit
 49695 | Depths:3 | HP: 28/155 [Parghit (22)]
 49696 | Depths:3 | 49696 ||| READING 4 scrolls of teleportation.
 49697 | Depths:3 | 49697 ||| DRINKING 7 potions of heal wounds.
 49710 | Depths:3 | HP: 24/155 [Parghit (19)]
 49711 | Depths:3 | 49711 ||| READING 3 scrolls of teleportation.
 49711 | Depths:3 | HP: 5/155 [tengu reaver zombie[a necromancer] (10)]
 49712 | Depths:3 | 49712 ||| DRINKING 6 potions of heal wounds.
 49713 | Depths:3 | 49713 ||| DRINKING 5 potions of heal wounds.
 49727 | Depths:3 | 49727 ||| INVOKING Heroism.
 49862 | Depths:3 | 49862 ||| Stepping ~*~*~tactically~*~*~ (stealth).
 49870 | Depths:3 | 49870 ||| INVOKING Heroism.
 49941 | Depths:3 | Noticed Jory
 49942 | Depths:3 | 49942 ||| Stepping ~*~*~tactically~*~*~ (hiding).
 49945 | Depths:3 | 49945 ||| INVOKING Heroism.
 49968 | Depths:3 | HP: 32/155 [Parghit (28)]
 49969 | Depths:3 | 49969 ||| READING 2 scrolls of teleportation.
 49969 | Depths:3 | Slain by Parghit

Levels and vault maps discovered:
D:1:      dpeg_arrival_shrine, layout_loops_cross, serial_shops,
          nicolae_square_shop
D:2:      layout_loops_ring, hellmonk_ecumenical_altar_heavens_door,
          minmay_misc_feat_pillars, nicolae_shop_vocational
D:3:      layout_basic, mainiacjoe_overflow_alcove_2, grunt_dithmenos_smoke,
          general_overflow_altar, uniq_natasha
D:4:      layout_basic, minmay_temple_entry_offerings, uniq_grinder, uniq_pikel
D:5:      layout_rooms, dk_vineyard_1
D:6:      kb_forest_paths, layout_cave_pools
D:7:      layout_basic, serial_demonic, serial_demonic_c, serial_demonic_d,
          serial_demonic_a, serial_demonic_e, serial_demonic_g, serial_demonic_g
D:8:      layout_gridville, lemuel_doored_altar, mainiacjoe_overflow_brackets,
          chequers_serial_rivers_micro_e, minmay_quadrilaterals
D:9:      layout_cave_pools, dk_yredelemnul_ordeal
D:10:     layout_stronghold, due_lair_maze_entry_diamond, kennysheep_potato
D:11:     layout_stronghold, orc_0_dummy
D:12:     layout_rooms, serial_ice, serial_ice_o, serial_ice_g, serial_ice_k,
          serial_ice_d, portal_ice_cave_entry_ice_simulacra,
          nicolae_ru_awakened_eye
D:13:     layout_irregular_city, david_vaults_1, serial_shops,
          kennysheep_mini_moat, uniq_azrael, uniq_josephine
D:14:     layout_loops_corners, minmay_misc_feat_doors, minivault_14,
          uniq_louise, uniq_kirke, uniq_jorgrun
D:15:     hangedman_slaughterboxes
Temple:   eino_temple_scatter_basement
Lair:1:   layout_cellular_growth
Lair:2:   layout_chaotic_city, lemuel_fruit_fields
Lair:3:   minmay_guarded_unrand_snakebite, layout_layer_cave, swamp_mist_pool,
          guppyfry_snake_entry_island, serial_bayou_pond_a, grunt_megastairs_5,
          serial_bayou_shore_b, lemuel_fruit_fields
Lair:4:   layout_misc_corridors, dpeg_slime_entry_enclosed
Lair:5:   hangedman_lair_tendril_chambers, layout_regular_city,
          hangedman_lair_in_review, minmay_lair_drake_nest
Swamp:1:  layout_basic_swamp, evilmike_swamp_ruin_house_3, uniq_mlioglotl
Swamp:2:  layout_falls_marsh, evilmike_swamp_ruin_house_1, swamp_pool5,
          nicolae_swamp_godswood, st_swamp_ruins_2, infiniplex_staircase_pool_2
Swamp:3:  layout_basic_swamp, nicolae_swamp_oxbows
Swamp:4:  swamp_icy, layout_basic_swamp, swamp_pool1
Snake:1:  layout_basic, guppyfry_snake_island, minmay_shop_grove,
          serial_bayou_shore_b, grunt_megastairs_3, uniq_agnes, uniq_roxanne
Snake:2:  layout_layer_cave, ebering_ghost_reflecting_pool,
          nicolae_shop_overcharged_wands, uniq_vashnia
Snake:3:  layout_rooms, basic_altar, nicolae_shop_sticking_my_neck_out,
          grunt_megastairs_4, minmay_shoptagon, serial_bayou_shore_a,
          uniq_bai_suzhen
Snake:4:  minmay_snake_end_coiled, layout_onion_interference
Orc:1:    layout_diamond_mine
Orc:2:    pf_orc_diabolical, layout_caves, uniq_snorg
Vaults:1: nicolae_vaults_hallways_thing, ontoclasm_vaults_decontamination,
          v_misc_16, nicolae_vaults_network_quinsquares
          [nicolae_vaults_network_quincunx_subvault,
          nicolae_vaults_network_quincunx_subvault,
          nicolae_vaults_network_quincunx_subvault,
          nicolae_vaults_network_quincunx_subvault], grunt_vaults_hallway_short,
          vaults_standard_mumra_enter_the_diamond,
          nicolae_vaults_yaktaur_gun_rack, vaults_room_pools, vaults_dpeg_hooks,
          layout_vaults_chaotic_city
Vaults:2: nicolae_vaults_network_periphery, st_diamondy, v_misc_1,
          nicolae_vaults_specimen_jars, nicolae_vaults_ring_of_whatevers,
          vaults_dpeg_emergency_exit, vaults_standard_mumra_x,
          ontoclasm_vaults_misaligned, nicolae_vaults_mini_display_case,
          v_pattern_2, nicolae_vaults_little_squares_1, layout_vaults_omnicross
Vaults:3: grunt_vaults_funnel, hangedman_vaults_slice,
          hangedman_vaults_variations, vaults_dpeg_ring,
          nicolae_vaults_diagonal_hallway_9, v_alt_pattern_2,
          minmay_crypt_entry_necro_gods, nicolae_vaults_alarming,
          vaults_room_fours, layout_vaults_omnigrid, serial_shops,
          nicolae_shop_hallway_stairs, uniq_sojobo
Vaults:4: nicolae_vaults_branching_niches, v_misc_29, hangedman_vaults_capsules,
          vaults_mumra_hex, ontoclasm_vaults_spin,
          nicolae_vaults_little_squares_4, grunt_vaults_swirl,
          vaults_room_fancy_cross, v_alt_pattern_3, v_misc_23,
          vaults_standard_mumra_enter_the_diamond, vaults_room_stairs_pillars,
          layout_vaults_maze_snakey, uniq_saint_roka
Depths:1: layout_basic, tso_metal_star, pan_entry, grunt_hell_entry_dis_grunt,
          nicolae_vehumet_altar_sigil, serial_bayou_shore_b
Depths:2: lemuel_troll_bridge, layout_basic, enter_ziggurat_d,
          kennysheep_path_1, hell_entry, pan_entry, firewood_loft
Depths:3: evilmike_silver_temple, layout_gridville, hell_entry, abyss_entry,
          rand_demon_pan_entry_9, kennysheep_generic_room_11,
          infiniplex_staircase_zigzag_1, uniq_parghit, uniq_jory

Skill      XL: |  1  2  3  4  5  6  7  8  9 10 11 12 13 14 15 16 17 18 19 20 21 22 |
---------------+-------------------------------------------------------------------+-----
Axes           | 2 3 4 5 7 9 10 11 12 14 16 17 18 | 18.0
Fighting       | 4 5 6 8 10 11 12 13 16 17 19 20 21 | 21.0
Dodging        | 4 5 6 |  6.0
Throwing       | 2 3 5 6 7 9 10 11 12 | 12.0
Armour         | 4 7 8 10 11 12 13 15 16 17 18 | 18.6
Invocations    | 4 8 10 | 10.0
Shields        | 4 5 6 7 8 11 16 17 18 19 20 21 | 21.0

Action                   |  1- 3 |  4- 6 |  7- 9 | 10-12 | 13-15 | 16-18 | 19-21 | 22-24 || total
-------------------------+-------+-------+-------+-------+-------+-------+-------+-------++-------
Melee: War axe           |    49 |   148 |   290 |   521 |       |       |       |       ||  1008
       Broad axe         |       |       |       |    21 |  1056 |  1443 |  1606 |   447 ||  4573
       Flail             |       |       |       |       |    17 |       |       |       ||    17
       Morningstar       |       |       |       |       |     4 |       |       |       ||     4
       Eveningstar       |       |       |       |       |    15 |    11 |       |       ||    26
Throw: Boomerang         |       |       |    24 |    72 |    31 |    70 |    27 |     2 ||   226
       Javelin           |       |       |    36 |    54 |   103 |    42 |   143 |    16 ||   394
Invok: Heroism           |       |       |     9 |    27 |    33 |    47 |    47 |    15 ||   178
       Finesse           |       |       |       |     1 |    14 |     6 |    16 |     5 ||    42
  Use: Scroll            |     3 |     3 |    16 |     6 |     9 |     3 |    15 |     3 ||    58
       Potion            |     1 |     4 |     1 |     1 |     4 |       |     2 |     3 ||    16
Armor: Scale mail        |    21 |    71 |    29 |       |       |       |       |       ||   121
       Chain mail        |       |       |   131 |   145 |   619 |   533 |   421 |   208 ||  2057
       Plate armour      |       |       |       |   163 |       |       |       |       ||   163
Dodge: Dodged            |    19 |    54 |   120 |   160 |   348 |   228 |   240 |   141 ||  1310
Block: Buckler           |     5 |    19 |    48 |    94 |   191 |       |       |       ||   357
       Tower shield      |       |       |       |       |   131 |  1283 |  1325 |   547 ||  3286
       Reflection        |       |       |       |       |       |   104 |    86 |     6 ||   196

Table legend:
 A = Non-vault XP
 B = Vault XP
 C = Vault XP percentage of total XP
 D = Non-vault monster count
 E = Vault monster count
 F = Vault count percentage of total count
                 A         B        C        D         E       F
            +---------+---------+-------+---------+---------+-------
      Total |  419593 |  258811 |  38.1 |     961 |     526 |  35.4
            +---------+---------+-------+---------+---------+-------
        D:1 |      23 |       0 |   0.0 |      14 |       0 |   0.0
        D:2 |     128 |       0 |   0.0 |      21 |       0 |   0.0
        D:3 |     114 |      35 |  23.5 |      16 |       1 |   5.9
        D:4 |     467 |     944 |  66.9 |      26 |       2 |   7.1
        D:5 |     197 |       0 |   0.0 |      10 |       0 |   0.0
        D:6 |     958 |     390 |  28.9 |      22 |       6 |  21.4
        D:7 |     885 |      76 |   7.9 |      13 |       7 |  35.0
        D:8 |    2075 |     557 |  21.2 |      25 |       4 |  13.8
        D:9 |     171 |      42 |  19.7 |       4 |       2 |  33.3
       D:10 |    3532 |    1726 |  32.8 |      22 |      12 |  35.3
       D:11 |    5035 |       0 |   0.0 |      16 |       0 |   0.0
       D:12 |    4278 |    2610 |  37.9 |      14 |      22 |  61.1
       D:13 |    6672 |    4687 |  41.3 |      21 |      13 |  38.2
       D:14 |    8963 |    5310 |  37.2 |      23 |       6 |  20.7
       D:15 |    1340 |   47730 |  97.3 |       4 |      87 |  95.6
     Lair:1 |    5868 |       0 |   0.0 |      25 |       0 |   0.0
     Lair:2 |    5426 |     976 |  15.2 |      20 |       4 |  16.7
     Lair:3 |    4149 |    3151 |  43.2 |      21 |      17 |  44.7
     Lair:4 |    4053 |       0 |   0.0 |      11 |       0 |   0.0
     Lair:5 |    5773 |   20674 |  78.2 |      14 |      59 |  80.8
    Swamp:1 |   11516 |    1846 |  13.8 |      19 |       1 |   5.0
    Swamp:2 |    9158 |    3918 |  30.0 |      15 |       8 |  34.8
    Swamp:3 |    9537 |       0 |   0.0 |      20 |       0 |   0.0
    Swamp:4 |    6941 |    8522 |  55.1 |      11 |      31 |  73.8
    Snake:1 |   21442 |    5911 |  21.6 |      47 |       8 |  14.5
    Snake:2 |   24831 |    6643 |  21.1 |      50 |       6 |  10.7
    Snake:3 |    7782 |    4535 |  36.8 |      14 |       3 |  17.6
    Snake:4 |   22674 |   17766 |  43.9 |      45 |      28 |  38.4
      Orc:1 |    2098 |       0 |   0.0 |      17 |       0 |   0.0
      Orc:2 |    2392 |   18617 |  88.6 |      32 |      63 |  66.3
   Vaults:1 |   31585 |    8348 |  20.9 |      55 |      13 |  19.1
   Vaults:2 |   29449 |   19506 |  39.8 |      43 |      25 |  36.8
   Vaults:3 |   23601 |   18201 |  43.5 |      33 |      19 |  36.5
   Vaults:4 |   43929 |   45491 |  50.9 |      64 |      65 |  50.4
   Depths:1 |   41570 |    1837 |   4.2 |      50 |       2 |   3.8
   Depths:2 |   36614 |    8762 |  19.3 |      51 |      12 |  19.0
   Depths:3 |   16466 |       0 |   0.0 |      20 |       0 |   0.0
    Abyss:2 |   17901 |       0 |   0.0 |      33 |       0 |   0.0
            +---------+---------+-------+---------+---------+-------
